 Dungeon Crawl Stone Soup version 0.32-a0-928-g1cae6b7ea0 (webtiles) character file.

Game seed: 6399764376335709757

18186739 gameguard the Slayer (level 27, 242/242 HPs)
             Began as a Demonspawn Wanderer on Apr 12, 2024.
             Was the Champion of Vehumet.
             Escaped with the Orb
             ... and 15 runes
             ... and 1 gem on Apr 13, 2024!
             The game lasted 05:49:55 (85432 turns).

gameguard the Slayer (Demonspawn Wanderer)         Turns: 85432, Time: 05:49:56

Health: 242/242    AC: 25    Str: 10    XL:     27
Magic:  67/67      EV: 33    Int: 34    God:    Vehumet [******]
Gold:   8784       SH: 29    Dex: 24    Spells: 1/70 levels left

rFire   + . .        a - staff of Resumed Hostilities {rPois rF+ Int+6 Fire Alchemy}
rCold   + + .        D - +5 kite shield {AC+3}
rNeg    + + +        C - +1 robe "Uriw" {^Contam rElec rN+ Archmagi}
rPois   ∞            (helmet unavailable)
rElec   +            B - +2 cloak "Pedgh" {Will+ Stlth+}
rCorr   .            v - +3 pair of gauntlets of War {Slay+5}
SInv    .            W - +2 pair of boots {Fly}
Will    +++++        Q - amulet of Vitality {Regen++ RegenMP++}
Stlth   +++          U - ring "Icviopsa" {rN++ MP+9 EV+5 Dex+4}
HPRegen 2.20/turn    n - ring of Faocw {rPois rC+ Will+ MP+9}
MPRegen 1.60/turn

%: guardian spirit, archmagi
@: death-form, flying, studying 3 skills
A: vile attack, torment immunity, no potions, horns 3, thin skeletal structure
3, icemail 2, augmentation 3, magic shield, magic regeneration, magic link,
condensation shield, claws 1, large bone plates 1, strong-willed 1
0: Orb of Zot
}: 15/15 runes: barnacled, slimy, silver, golden, iron, obsidian, icy, bone,
abyssal, demonic, glowing, magical, fiery, dark, gossamer
a: Siphon Essence, Begin Untransformation, Renounce Religion


You escaped.
You worshipped Vehumet.
Vehumet was exalted by your worship.
You were an undying horror.
You visited 18 branches of the dungeon, and saw 88 of its levels.
You visited Pandemonium 1 time, and saw 18 of its levels.
You visited the Abyss 1 time.
You visited 1 ziggurat, and saw 17 of its levels.
You also visited: Sewer, Ice Cave and Wizlab.

You collected 15419 gold pieces.
You spent 6635 gold pieces at shops.

Inventory:

Missiles
 V - 5 curare-tipped darts
Armour
 v - the +3 pair of gauntlets of War (worn) {Slay+5}
   (You found it in an ice cave)

   Slay+5:    It affects your accuracy & damage with ranged weapons and melee
   (+5).
 B - the +2 cloak "Pedgh" (worn) {Will+ Stlth+}
   (You found it on level 15 of the Dungeon)

   Will+:     It increases your willpower.
   Stlth+:    It makes you more stealthy.
 C - the +1 robe "Uriw" (worn) {^Contam rElec rN+ Archmagi}
   (You found it on level 2 of the Shoals)

   rElec:     It insulates you from electricity.
   rN+:       It protects you from negative energy.
   ^Contam:   It causes magical contamination when unequipped.
   Archmagi:  It increases the power of your magical spells.
 D - a +5 kite shield of protection (worn)
 J - the +3 salamander hide armour {Flames, rFlCloud rF++ rC--}
   (You found it on level 6 of a ziggurat)

   Flames:    It surrounds you with flame clouds and enhances your fire magic.
   rFlCloud:  It grants immunity to flame clouds.
   rF++:      It greatly protects you from fire.
   rC--:      It makes you very vulnerable to cold.
 W - a +2 pair of boots of flying (worn)
Magical Staves
 a - the staff of Resumed Hostilities (weapon) {rPois rF+ Int+6 Fire Alchemy}
   (You found it on level 7 of Cocytus)

   [staff of fire]

   Base accuracy: +5 Base damage: 5 Base attack delay: 1.2 This weapon's minimum
   attack delay (0.6) is reached at skill level 12.
   Int+6:     It affects your intelligence (+6).
   rF+:       It protects you from fire.
   rPois:     It protects you from poison.
   Fire:      It increases the power of your Fire spells.
   Alchemy:   It increases the power of your Alchemy spells.
   It falls into the 'Staves' category.
   It is a one-handed weapon.
 b - the staff of the Invaders {rPois rF+ Will+ Conj Alchemy}
   (You found it in Pandemonium)

   [staff of alchemy]

   Base accuracy: +5 Base damage: 5 Base attack delay: 1.2 This weapon's minimum
   attack delay (0.6) is reached at skill level 12.
   rF+:       It protects you from fire.
   rPois:     It protects you from poison.
   Will+:     It increases your willpower.
   Conj:      It increases the power of your Conjurations spells.
   Alchemy:   It increases the power of your Alchemy spells.
   It falls into the 'Staves' category.
   It is a one-handed weapon.
Jewellery
 n - the ring of Faocw (right hand) {rPois rC+ Will+ MP+9}
   (You found it on level 16 of a ziggurat)

   [ring of protection from cold]

   rC+:       It protects you from cold.
   rPois:     It protects you from poison.
   Will+:     It increases your willpower.
   MP+9:      It affects your magic capacity (+9).
 E - the ring of Mile {Will+ Str+3 SInv}
   (You found it on level 3 of the Tomb of the Ancients)

   [ring of willpower]

   Str+3:     It affects your strength (+3).
   Will+:     It increases your willpower.
   SInv:      It lets you see invisible.
 F - the ring of Ceckion {rElec rF+ rC+ Will-}
   (You acquired it in Pandemonium)

   [ring of protection from fire]

   rF+:       It protects you from fire.
   rC+:       It protects you from cold.
   rElec:     It insulates you from electricity.
   Will-:     It decreases your willpower.
 P - the ring "Boytrif" {rCorr MP+9 Int+4}
   (You bought it in a shop on level 4 of the Depths)

   [ring of magical power]

   Int+4:     It affects your intelligence (+4).
   MP+9:      It affects your magic capacity (+9).
   rCorr:     It protects you from acid and corrosion.
 Q - the amulet of Vitality (around neck) {Regen++ RegenMP++}
   (You bought it in a shop on level 2 of the Orcish Mines)

   [amulet of nothing]

   Regen++:   It increases your rate of health regeneration.
   RegenMP++: It increases your rate of magic regeneration.
 R - the ring "Zeup" {Fly rC+ rN++}
   (You found it on level 3 of the Crypt)

   [ring of flight]

   rC+:       It protects you from cold.
   rN++:      It greatly protects you from negative energy.
   Fly:       It grants you flight.
 U - the ring "Icviopsa" (left hand) {rN++ MP+9 EV+5 Dex+4}
   (You found it on level 3 of the Crypt)

   [ring of evasion]

   EV+5:      It affects your evasion (+5).
   Dex+4:     It affects your dexterity (+4).
   rN++:      It greatly protects you from negative energy.
   MP+9:      It affects your magic capacity (+9).
 Y - the dreamshard necklace {Acrobat *Dream}
   (You took it off a frost giant on level 3 of the Depths)

   [amulet of the acrobat]

   *Dream:    It absorbs a single lethal wound into itself, holding its wearer
   just short of death and releasing dream-creatures to guard them.
   Acrobat:   It increases your evasion while moving and waiting.
Talismans
 I - a talisman of death (active)
Wands
 l - a wand of iceblast (74)
 y - a wand of quicksilver (37)
 z - a wand of charming (145)
 N - a wand of digging (40)
 O - a wand of mindburst (47)
Scrolls
 c - 30 scrolls of teleportation
 d - 11 scrolls of blinking
 e - 5 scrolls of amnesia
 i - 3 scrolls of summoning
 o - 20 scrolls of fog
 t - 11 scrolls of enchant armour
 x - 11 scrolls of immolation
 H - 3 scrolls of revelation
 K - 12 scrolls of fear
Potions
 f - 10 potions of mutation
 g - 6 potions of enlightenment
 h - 23 potions of curing
 k - 4 potions of invisibility
 m - 2 potions of magic
 p - 8 potions of lignification
 q - 10 potions of heal wounds
 s - 3 potions of haste
 w - a potion of cancellation
 A - 13 potions of ambrosia
 L - 5 potions of brilliance
 T - 8 potions of might
 X - 7 potions of resistance
Miscellaneous
 j - the horn of Geryon
 r - a phantom mirror
 u - a figurine of a ziggurat
 G - a box of beasts
 M - a condenser vane
 S - a lightning rod (4/4)
 Z - a phial of floods


   Skills:
 + Level 25.3 Fighting
 - Level 12.0 Staves
 - Level 1.0 Throwing
 - Level 8.0 Armour
 + Level 19.9 Dodging
 - Level 4.0 Stealth
 - Level 18.5 Shields
 - Level 22.0 Spellcasting
 - Level 24.0 Conjurations
 - Level 5.0 Hexes
 - Level 5.0 Translocations
 - Level 23.0 Fire Magic
 - Level 4.0 Air Magic
 - Level 23.0 Earth Magic
 - Level 11.0 Alchemy
 - Level 16.0 Evocations
 - Level 23.0 Shapeshifting


You had one spell level left.
You knew the following spells:

 Your Spells              Type           Power      Damage    Failure   Level
a - Irradiate             Conj/Alch      100%       3d45      1%          5
d - Starburst             Conj/Fire      100%       6d25      0%          6
f - Fireball              Conj/Fire      100%       3d36      0%          5
g - Ignition              Fire           100%       3d25      1%          8
h - Orb of Destruction    Conj           95%        9d20      1%          7
l - Blink                 Tloc           100%       N/A       1%          2
q - Apportation           Tloc           100%       N/A       1%          1
r - Shatter               Erth           94%        3d68*     3%          9
s - Yara's Violent Unrav  Hex/Alch       83%        3d30      1%          5
t - Fire Storm            Conj/Fire      100%       8d25      2%          9
x - Vhi's Electric Charg  Tloc/Air       100%       N/A       1%          4
z - Lehudib's Crystal Sp  Conj/Erth      95%        10d21     1%          8

Your spell library contained the following spells:

 Spells                   Type           Power      Damage    Failure   Level
 Foxfire                  Conj/Fire      100%       2x1d9     0%          1
 Kiss of Death            Conj/Necr      100%       2d13      0%          1
 Sting                    Conj/Alch      100%       1d9       0%          1
 Freeze                   Ice            100%       1d10      1%          1
 Necrotise                Necr           100%       1d9       1%          1
 Slow                     Hex            100%       N/A       1%          1
 Summon Small Mammal      Summ           100%       N/A       1%          1
 Momentum Strike          Conj/Tloc      100%       3d10      0%          2
 Scorch                   Fire           100%       2d9       0%          2
 Static Discharge         Conj/Air       100%       3-8/arc   0%          2
 Dazzling Flash           Conj/Hex       100%       N/A       0%          3
 Inner Flame              Hex/Fire       100%       N/A       0%          3
 Mephitic Cloud           Conj/Alch/Air  100%       N/A       0%          3
 Passwall                 Erth           100%       N/A       0%          3
 Stone Arrow              Conj/Erth      100%       3d13      0%          3
 Volatile Blastmotes      Fire/Tloc      100%       2d18      0%          3
 Flame Wave               Conj/Fire      100%       2d21      0%          4
 Fulminant Prism          Conj/Alch      100%       3d40      0%          4
 Ignite Poison            Fire/Alch      100%       N/A       0%          4
 Leda's Liquefaction      Alch/Erth      100%       N/A       0%          4
 Sticky Flame             Fire/Alch      100%       2d15      0%          4
 Iskenderun's Battlesphe  Conj           100%       2d15      0%          5
 Bombard                  Conj/Erth      95%        9d15      0%          6
 Call Imp                 Summ           100%       N/A       1%          2
 Cigotuvi's Dreadful Rot  Necr/Alch/Air  100%       N/A       1%          2
 Ensorcelled Hibernation  Hex/Ice        100%       N/A       1%          2
 Jinxbite                 Hex            100%       N/A       1%          2
 Lesser Beckoning         Tloc           100%       N/A       1%          2
 Mercury Vapours          Alch/Air       100%       N/A       1%          2
 Sublimation of Blood     Necr           89%        N/A       1%          2
 Confusing Touch          Hex            100%       N/A       1%          3
 Frozen Ramparts          Ice            100%       1d16      1%          3
 Hailstorm                Conj/Ice       100%       3d16      1%          3
 Maxwell's Portable Pile  Tloc           100%       2d(15-43) 1%          3
 Sigil of Binding         Hex            100%       N/A       1%          3
 Teleport Other           Tloc           100%       N/A       1%          3
 Tukima's Dance           Hex            100%       N/A       1%          3
 Airstrike                Air            59%        2d(9-25)  1%          4
 Animate Armour           Summ/Erth      100%       N/A       1%          4
 Cause Fear               Hex            62%        N/A       1%          4
 Dimensional Bullseye     Hex/Tloc       62%        N/A       1%          4
 Iskenderun's Mystic Bla  Conj/Tloc      100%       2d19      (+2d11%     4
 Olgreb's Toxic Radiance  Alch           100%       N/A       1%          4
 Passage of Golubria      Tloc           100%       N/A       1%          4
 Summon Blazeheart Golem  Fire/Summ      100%       N/A       1%          4
 Alistair's Intoxication  Alch           100%       N/A       1%          5
 Arcjolt                  Conj/Air       82%        1d92      1%          5
 Borgnjor's Vile Clutch   Necr/Erth      77%        N/A       1%          5
 Eringya's Noxious Bog    Alch           89%        4d6       1%          6
 Permafrost Eruption      Ice/Erth       77%        2x4d17    1%          6
 Plasma Beam              Fire/Air       94%        2x1d113   1%          6
 Spellforged Servitor     Conj/Summ      78%        N/A       2%          7
 Call Canine Familiar     Summ           89%        N/A       3%          3
 Fugue of the Fallen      Necr           89%        N/A       3%          3
 Ozocubu's Armour         Ice            89%        N/A       3%          3
 Summon Ice Beast         Ice/Summ       89%        N/A       3%          3
 Vampiric Draining        Necr           89%        2d12      3%          3
 Anguish                  Hex/Necr       54%        N/A       4%          4
 Summon Lightning Spire   Summ/Air       100%       N/A       5%          4
 Silence                  Hex/Air        61%        N/A       5%          5
 Animate Dead             Necr           89%        N/A       13%         4
 Dispel Undead            Necr           89%        3d28      13%         4
 Martyr's Knell           Necr/Summ      89%        N/A       13%         4
 Metabolic Englaciation   Hex/Ice        54%        N/A       13%         5
 Summon Forest            Summ/Tloc      54%        N/A       13%         5
 Summon Mana Viper        Hex/Summ       100%       N/A       13%         5
 Sculpt Simulacrum        Ice/Alch       76%        N/A       21%         6
 Dispersal                Tloc           62%        N/A       26%         6
 Gell's Gavotte           Tloc           62%        2d(39-58) 26%         6
 Curse of Agony           Necr           89%        N/A       34%         5
 Chain Lightning          Conj/Air       82%        3d109     67%         9
 Enfeeble                 Hex            62%        N/A       80%         7
 Death Channel            Necr           44%        N/A       89%         6
 Summon Cactus Giant      Summ           44%        N/A       89%         6
 Ozocubu's Refrigeration  Ice            44%        4d17      92%         7
 Maxwell's Capacitive Co  Air            59%        ∞         97%         8
 Malign Gateway           Summ/Tloc      54%        N/A       98%         7
 Haunt                    Necr/Summ      44%        N/A       100%        7
 Monstrous Menagerie      Summ           44%        N/A       100%        7
 Summon Hydra             Summ           44%        N/A       100%        7
 Borgnjor's Revivificati  Necr           44%        N/A       100%        8
 Discord                  Hex            62%        N/A       100%        8
 Infestation              Necr           44%        N/A       100%        8
 Death's Door             Necr           44%        N/A       100%        9
 Dragon's Call            Summ           44%        N/A       100%        9
 Polar Vortex             Ice            44%        12d5*     100%        9


Dungeon Overview and Level Annotations

Branches:
Dungeon (15/15)            Temple (1/1) D:4            Lair (5/5) D:10
 Shoals (4/4) Lair:2       Spider (4/4) Lair:2        Slime (5/5) Lair:5
    Orc (2/2) D:12            Elf (3/3) Orc:2        Vaults (5/5) D:14
  Crypt (3/3) Vaults:3       Tomb (3/3) Crypt:3      Depths (4/4) D:15
   Hell (visited)             Dis (7/7) Hell            Geh (7/7) Hell
    Coc (7/7) Hell            Tar (7/7) Hell            Zot (5/5) Depths:4
  Sewer (visited)           IceCv (visited)          WizLab (visited)

Altars:
Ashenzari
Cheibriados
Dithmenos
Fedhas
Gozag
Hepliaklqana
Kikubaaqudgha
Makhleb
Nemelex Xobeh
Okawaru
Qazlal
Ru
Sif Muna
Trog
Uskayaw
Vehumet
Wu Jian
Xom
Yredelemnul
Beogh
Jiyva
Lugonu

Shops:
Orc:1 !   Orc:2 (=*[*   Elf:1 *   Elf:2 [   Shoals:2 !   Shoals:3 :
Vaults:3 =   Depths:1 :   Depths:4 :=:

Portals:
Hell: Depths:1 Depths:2 Depths:3 Depths:4
Abyss: Depths:3
Pandemonium: Depths:2 Depths:4

Annotations:
Shoals:3 3 runed translucent doors
Spider:2 1 transporter, exclusion: oklob plant, Futrougy's ghost, adept DrAE
Depths:3 3 runed translucent doors, Jigeme's ghost, veteran DEHs


Innate Abilities, Weirdness & Mutations

You are an undying horror.
Your melee and unarmed attacks drain, slow and weaken victims.
You are immune to unholy pain and torment.
You cannot drink.
You are immune to poison.
You have a pair of large horns on your head.
You have an unnaturally thin skeletal structure. (Dex +6, Stealth+++)
A meltable icy envelope protects you from harm. (AC +8)
Your magical and physical power is greatly enhanced at high health.
When hurt, damage is shared between your health and your magic reserves.
You regenerate magic rapidly.
When low on magic, you restore magic in place of health.
A meltable shield of frost defends you. (SH +4)
You have sharp fingernails.
You are partially covered in large bone plates. (SH +4)
You are strong-willed. (Will+)


Message History

Deactivating autopickup; reactivate with Ctrl-A.
Casting: Fire Storm (dangerous; 2% risk of failure)
Confirm with . or Enter, or press ? or * to list all spells.
Aiming: Fire Storm (dangerous; 2% risk of failure)
Press: ? - help, Dir - move target, f - you You feel a strong surge of power!
Okay, then.
Unknown command.
Casting: Fire Storm (dangerous; 2% risk of failure)
Confirm with . or Enter, or press ? or * to list all spells.
Aiming: Fire Storm (dangerous; 2% risk of failure)
Press: ? - help, Dir - move target You feel a strong surge of power!
A raging storm of fire appears!
The great blast of fire engulfs something!!!
A poison arrow appears from out of thin air!
The poison arrow hits your fire vortex!
Your fire vortex partially resists.
Your fire vortex completely misses something.
Casting: Fire Storm (dangerous; 2% risk of failure)
Confirm with . or Enter, or press ? or * to list all spells.
Aiming: Fire Storm (dangerous; 2% risk of failure)
Press: ? - help, Dir - move target You feel a strong surge of power!
A raging storm of fire appears!
The great blast of fire engulfs something!!!
Vehumet accepts your kill.
You feel your power returning.
Reactivating autopickup.
You feel a bit more experienced.
HP restored.
There is a stone staircase leading up here.
You fly upwards.
There is a stone staircase leading down here.
Magic restored.
There is a stone staircase leading up here.
You fly upwards.
There is a stone staircase leading down here.
You reach down and open the gate.
There is an open gate here.
There is a staircase leading out of the dungeon here.
You have escaped!

###.######.###.####......#.#.....
.........#.# #........)........#.
.##.##.....###.#.##.....####.....
.##.##.#.#.....#..#)÷..## ##.###
....##.#........(.....## #...#
.#####.####..##'''##..# #...# †#
#.......#...).#..# #...# .#
#.......#.....#..######...## .#
#.......#..z.[#..##......... .#
#.......#.....#....>........ ##
#.......##'''##.###......... #
#.............#.# ###.#...#. ###
#..[....###.....# #.#...#† ..#
#####.#.###.##### #.#...#. #.#
##>###.##.# #.#...#) #.######.##
##.#.# #.##.##. .....##.## ##..#
##.......


There were no monsters in sight!

Vanquished Creatures
  Cerebov (Pan)
  Antaeus (Coc:7)
  Asmodeus (Geh:7)
  the Royal Jelly (Slime:5)
  Gloorx Vloq (Pan)
  Ignacio (Pan)
  the Serpent of Hell (Tar:7)
  Ereshkigal (Tar:7)
  Lom Lobon (Pan)
  23 pandemonium lords
  10 dread liches
  Dispater (Dis:7)
  Khufu (Tomb:3)
  7 orbs of fire
  10 juggernauts
  5 ancient liches
  Mara (Spider:2)
  Sojobo (Vaults:2)
  10 royal mummies
  Bai Suzhen (Vaults:4)
  Saint Roka (Crypt:1)
  14 shard shrikes
  4 Killer Klowns
  3 curse toes (Zot:3)
  Margery (Crypt:1)
  Geryon (Hell)
  12 caustic shrikes
  Norris (Depths:3)
  7 golden dragons
  Jory (Vaults:3)
  23 profane servitors
  24 Tzitzimimeh
  6 bone dragons
  13 iron giants
  13 doom hounds
  18 Brimstone Fiends
  3 electric golems
  12 hellephants
  Mlioglotl (Shoals:1)
  Rupert (Spider:1)
  A walking earthen tome (Abyss:5)
  15 tentacled monstrosities
  Zenata (Elf:2)
  25 tainted leviathans
  24 Orb Guardians
  A shard shrike skeleton (Abyss:2)
  9 liches
  4 walking frostbound tomes
  18 titans
  19 Ice Fiends
  Grunn (Crypt:2)
  5 quicksilver dragons
  30 Hell Sentinels
  23 searing wretches
  4 deep elf blademasters
  3 deep elf master archers
  13 sphinxes
  27 acid blobs
  2 walking divine tomes
  46 ancient champions
  2 krakens (Shoals:4)
  Frances (D:14)
  11 tentacled starspawn
  21 Executioners
  10 death cobs
  17 tengu reavers
  21 protean progenitors
  Roxanne (Spider:1)
  Donald (Vaults:3)
  11 shadow dragons
  14 storm dragons
  Kirke (D:14)
  Aizul (Spider:1)
  A strange machine (WizLab)
  9 revenants
  Ilsuiw (Shoals:4)
  5 draconian monks
  A fenstrider witch (Pan)
  13 azure jellies
  3 nagarajas (Pan)
  10 rockslimes
  6 deep elf sorcerers
  2 daevas (Pan)
  8 demonspawn warmongers
  11 draconian knights
  19 frost giants
  7 draconian scorchers
  The ghost of Hehag the Marksminotaur, a journeyman MiBe of Trog (D:15)
  10 quicksilver elementals
  8 narguns
  12 iron dragons
  14 ghost moths
  32 fire giants
  10 emperor scorpions
  4 angels
  6 draconian shifters
  4 spectral caustic shrikes
  14 vault wardens
  10 curse skulls
  6 deep elf elementalists
  13 shard shrike simulacra
  59 balrugs
  6 orc warlords
  8 draconian annihilators
  5 juggernaut skeletons (Pan)
  5 caustic shrike skeletons (Pan)
  12 demonspawn corrupters (Pan)
  5 ghouls
  36 reapers
  22 cacodemons
  3 formless jellyfish
  A spectral juggernaut (Tar:5)
  28 very ugly things
  7 broodmothers
  15 ironbound preservers
  8 demonspawn blood saints
  2 draconian stormcallers (Zot:3)
  16 quicksilver oozes
  3 apis (Pan)
  20 elemental wellsprings
  13 stone giants
  8 ironbound thunderhulks
  8 green draconians
  2 spriggan defenders (Depths:4)
  7 deep elf demonologists
  16 bennus
  25 putrid mouths
  11 demonspawn black suns (Pan)
  8 vampire knights
  19 red draconians
  14 yellow draconians
  15 deep elf death magi
  9 lorocyprocas
  10 purple draconians
  2 spectral titans
  9 wendigos
  10 deep elf annihilators
  14 white draconians
  4 spark wasps
  27 war gargoyles
  4 dire elephants
  14 black draconians
  11 green deaths
  10 eidola
  14 merfolk impalers
  17 blizzard demons
  7 merfolk javelineers
  Snorg (D:13)
  Josephine (Lair:4)
  12 ettins
  2 spectral quicksilver dragons (Tar:4)
  A jiangshi (Zig:14)
  22 iron golems
  5 deep elf high priests
  22 mummy priests
  21 fire dragons
  7 entropy weavers
  A spectral kraken (Tar:7)
  17 yaktaur captains
  3 crystal guardians
  3 peacekeepers
  4 spectral spriggans
  10 hydras
  Fannar (D:10)
  7 great orbs of eyes
  2 spriggan air magi
  2 spriggan zombies
  9 salamander tyrants
  9 rakshasas
  A sphinx zombie (Crypt:1)
  The ghost of inkslinger the Martial Artist, a journeyman GnSh of Dithmenos (D:10)
  An Orb Guardian zombie (Crypt:1)
  A catoblepas (Lair:2)
  Harold (D:9)
  4 merfolk avatars
  6 boulder beetles
  13 ice dragons
  10 caustic shrike simulacra
  8 juggernaut simulacra
  33 vault guards
  16 ironbound frosthearts
  2 radroaches (Zot:5)
  3 jorogumos
  Erolcha (D:9)
  An alligator snapping turtle (Shoals:1)
  4 spriggan skeletons
  9 hell beasts
  10 two-headed ogres
  A two-headed ogre (shapeshifter) (Zig:17)
  10 merfolk aquamancers
  3 death knights
  3 anacondas (Zig:17)
  18 stokers
  17 centaur warriors
  An alligator snapping turtle (shapeshifter) (Zig:17)
  4 ogre magi
  A satyr (shapeshifter) (Depths:2)
  13 deep troll shamans
  12 death yaks
  An occultist (Depths:2)
  52 dancing weapons
  9 satyrs
  27 demonic crawlers
  2 spriggan berserkers
  2 tengu warriors
  38 death scarabs
  8 vampire magi
  12 deep troll earth magi
  3 shock serpents (Pan)
  A spectral naga (Tar:4)
  7 thrashing horrors
  4 titan zombies
  54 hell hogs
  7 orc high priests
  37 soul eaters
  A spectral storm dragon (Tar:1)
  2 spectral dire elephants (Tar:3)
  14 crystal echidnas
  A titan skeleton (Crypt:1)
  15 hell knights
  19 deep elf knights
  6 hellephant skeletons (Pan)
  A skyshark (shapeshifter) (Zig:17)
  14 iron trolls
  6 pharaoh ants
  62 sun demons
  8 wretched stars
  8 shadow wraiths
  68 deep trolls
  5 skysharks
  22 sixfirhies
  3 goliath frogs
  2 spectral anacondas
  2 cherubim (Pan)
  28 skeletal warriors
  A spatial maelstrom (Abyss:5)
  9 sea snakes
  9 flayed ghosts
  5 arcanists
  A mana viper (Abyss:2)
  12 bog bodies
  7 quicksilver dragon simulacra
  3 death drakes
  5 deep elf archers
  18 shadow demons
  3 spriggan simulacra
  A bunyip skeleton (Crypt:2)
  3 glowing orange brains
  14 phantasmal warriors
  2 swamp dragons
  9 orb spiders
  8 sun moths
  A sea snake (shapeshifter) (Vaults:5)
  A kraken simulacrum (Shoals:4)
  3 obsidian statues
  29 ironbound convokers
  7 lindwurms
  An obsidian bat (Zig:16)
  2 shadow dragon zombies
  18 harpies
  6 steelbarb worms
  8 starcursed masses
  4 anaconda skeletons
  23 large abominations
  13 orc knights
  7 thermic dynamos
  A lindwurm (shapeshifter) (Zig:8)
  3 orange crystal statues
  30 deep elf zephyrmancers
  A fenstrider witch simulacrum (Coc:1)
  A lightning spire (Zot:3)
  8 orc sorcerers
  A golden dragon skeleton (Zig:12)
  21 deep elf pyromancers
  19 manticores
  12 necromancers
  3 alligator zombies (Hell)
  16 wolf spiders
  23 ugly things
  A shadow dragon skeleton (Zig:12)
  2 will-o-the-wisps
  12 shining eyes
  A salamander (D:15)
  A moth of wrath (shapeshifter) (Vaults:5)
  A frost giant zombie (Crypt:1)
  A spectral ettin (Tar:1)
  17 moths of wrath
  14 fauns
  20 elephants
  9 cyclopes
  A cyclops (shapeshifter) (Zig:17)
  A worldbinder (Abyss:2)
  A spectral alligator snapping turtle (Tar:3)
  8 ice statues
  A water nymph (shapeshifter) (Zig:8)
  3 meliai (D:15)
  6 human skeletons (Vaults:3)
  8 apocalypse crabs
  6 merfolk sirens
  A black mamba (shapeshifter) (D:14)
  An alligator skeleton (Hell)
  9 rust devils
  4 Executioner simulacra (Pan)
  6 kobold blastminers
  A naga mage (Zig:7)
  12 black mambas
  3 eyes of devastation
  2 iron dragon skeletons (Dis:5)
  A spectral centaur (Tar:2)
  2 guardian serpents
  A mana viper zombie (Crypt:2)
  17 vault sentinels
  35 smoke demons
  2 dire elephant zombies
  2 eyes of devastation (shapeshifter)
  7 spectral swamp worms (Tar:7)
  A torpor snail (shapeshifter) (Vaults:5)
  5 water nymphs
  Joseph (D:9)
  16 orange demons
  A gargoyle (D:12)
  9 titan simulacra
  6 storm dragon simulacra
  18 cane toads
  A naga skeleton (Abyss:4)
  31 hellions
  2 centaur skeletons
  7 torpor snails
  A sea snake zombie (Crypt:1)
  An unseen horror zombie (Crypt:3)
  3 kobold demonologists
  15 ice devils
  A komodo dragon (shapeshifter) (Elf:2)
  12 freezing wraiths
  An unseen horror (D:10)
  25 yaktaurs
  3 anaconda simulacra (Coc:7)
  A bunyip simulacrum (Coc:2)
  24 tormentors
  A yaktaur (shapeshifter) (Vaults:5)
  15 komodo dragons
  17 efreet
  4 rime drakes
  A white draconian skeleton (Crypt:1)
  An iron troll zombie (Crypt:2)
  10 ancient zymes
  Psyche (D:9)
  6 spectral harpies
  2 iron giant simulacra
  29 merfolk
  6 tengu conjurers
  2 silent spectres
  12 trolls
  6 golden dragon simulacra
  77 guardian mummies
  2 queen bees (shapeshifter)
  A merfolk (shapeshifter) (Vaults:4)
  7 red devils
  25 tarantellas
  2 tyrant leeches (Zig:17)
  2 harpy zombies
  25 hellwings
  2 polar bears
  5 hornets
  4 hydra zombies
  26 jumping spiders
  A tarantella (shapeshifter) (Elf:3)
  29 blink frogs
  10 glass eyes
  An ice dragon zombie (Crypt:1)
  12 wind drakes
  An ettin zombie (Crypt:1)
  3 dream sheep (Shoals:4)
  2 iron dragon simulacra (Coc:3)
  A dream sheep (shapeshifter) (Depths:3)
  9 raiju
  9 stone giant simulacra
  5 fire giant simulacra (Coc:6)
  11 snapping turtles
  96 slime creatures
  An ettin skeleton (Abyss:5)
  3 black mamba zombies (Crypt:1)
  17 culicivoras
  17 wraiths
  3 dire elephant simulacra
  A fire dragon skeleton (Crypt:2)
  18 ushabtiu
  Sigmund (D:4)
  2 spriggans (Depths:4)
  38 yaks
  35 ynoxinuls
  11 air elementals
  18 water elementals
  A slime creature (shapeshifter) (Vaults:5)
  2 vampires
  5 fire elementals
  20 chaos spawn
  3 steam dragons
  20 wyverns
  6 hogs (D:14)
  49 redbacks
  7 basilisks
  A sea snake simulacrum (Hell)
  5 wargs
  A golden eye (Pan)
  23 neqoxecs
  A glowing shapeshifter zombie (Crypt:3)
  12 harpy simulacra
  A swamp worm (Pan)
  An acid dragon (shapeshifter) (D:15)
  25 water moccasins
  A naga zombie (Hell)
  A swamp worm (shapeshifter) (D:15)
  2 hydra simulacra
  A two-headed ogre skeleton (Crypt:3)
  10 acid dragons
  A hell hound (Abyss:2)
  A glowing shapeshifter skeleton (Crypt:2)
  6 swamp drakes
  36 orc warriors
  3 ice beasts
  5 sky beasts
  A hornet zombie (Crypt:2)
  53 laughing skulls
  A black bear (Lair:3)
  A tengu (shapeshifter) (Zig:17)
  6 boggarts
  A manticore zombie (Crypt:2)
  14 ogres
  7 ettin simulacra
  A manticore skeleton (Crypt:3)
  5 ice dragon simulacra (IceCv)
  15 wolves
  29 centaurs
  3 phantoms
  A weeping skull (Abyss:2)
  A kobold brigand (D:9)
  7 brain worms
  3 naga simulacra
  8 earth elementals
  3 scorpions
  15 bullfrogs
  4 gnoll sergeants
  An ogre simulacrum (Vaults:3)
  13 small abominations
  A wyvern skeleton (Crypt:3)
  4 wights (Abyss:4)
  A queen bee zombie (Crypt:2)
  A troll zombie (Crypt:2)
  5 lindwurm simulacra (IceCv)
  21 killer bees
  2 howler monkeys
  2 electric eels
  2 hounds
  6 jellies
  A gnoll bouda (D:10)
  16 orc priests
  10 iguanas
  2 iron imps (Abyss:2)
  A sleepcap (D:7)
  Jessica (D:3)
  27 orc wizards
  6 hell rats (Lair:3)
  50 mummies
  A hound skeleton (Crypt:3)
  24 gnolls
  7 adders
  9 river rats (Lair:3)
  A steam dragon skeleton (Crypt:1)
  4 white imps
  2 ufetubi
  3 dart slugs
  2 ribbon worms
  56 orcs
  9 ball pythons
  6 bats
  A bat zombie (Crypt:3)
  22 endoplasms
  8 giant cockroaches
  6 goblins
  7 hobgoblins
  8 jackals
  10 quokkas
  7 frilled lizards
  24 kobolds
  15 rats
  22 aspiring fleshes
  9 ball lightnings (D:11)
  9 creeping infernos
  12 fire vortices
  5 lurking horrors
  4 starspawn tentacles
  4 tentacles (Shoals:4)
4673 creatures vanquished.

Vanquished Creatures (collateral kills)
  Mnoleg (Pan)
  A juggernaut (Coc:6)
  A doom hound (Tar:1)
  A storm dragon (Zig:17)
  A draconian scorcher (Depths:4)
  A spectral caustic shrike (Tar:3)
  2 white draconians
  2 soul eaters (Pan)
  An anaconda skeleton (Tomb:3)
  A harpy skeleton (Tomb:3)
  2 harpy simulacra
  An ice dragon simulacrum (IceCv)
  A mummy (Tomb:3)
16 creatures vanquished.

Vanquished Creatures (others)
  A pandemonium lord (D:11)
  An Executioner (Pan)
  A protean progenitor (Zig:17)
  A balrug (Geh:2)
  A demonspawn blood saint (Pan)
  A green death (Pan)
  2 radroaches (Zig:17)
  2 hell hogs (Geh:3)
  A soul eater (Pan)
  A sun demon (Pan)
  A chaos spawn (Zig:17)
  2 creeping infernos
  599 fire vortices
  4 foxfires (Abyss:4)
  56 fulminant prisms
  6 starspawn tentacles
  20 tentacles (Shoals:4)
700 creatures vanquished.

Grand Total: 5389 creatures vanquished

Notes
Turn   | Place    | Note
-------+----------+-------------------------------------------
     0 | D:1      | gameguard the Demonspawn Wanderer began the quest for the
                  | Orb.
     0 | D:1      | gameguard set off with the following items: a +0 dagger, 11
                  | poisoned darts, a scroll of teleportation, a scroll of
                  | blinking, a +0 robe; and the following spell memorised:
                  | Sting; and the following spells available to memorise:
                  | Olgreb's Toxic Radiance, Ignite Poison.
     0 | D:1      | Reached XP level 1. HP: 16/16 MP: 2/2
   304 | D:1      | Gained mutation: A meltable shield of frost defends you.
                  | (SH +4) [demonic ancestry]
   304 | D:1      | Reached XP level 2. HP: 22/22 MP: 2/4
   432 | D:1      | Reached skill level 1 in Conjurations
   906 | D:1      | Gained mutation: You have a pair of small horns on your
                  | head. [demonic ancestry]
   906 | D:1      | Reached XP level 3. HP: 27/27 MP: 3/5
  1414 | D:2      | Found a bloodstained altar of Trog.
  2221 | D:3      | Reached XP level 4. HP: 33/33 MP: 5/7
  2561 | D:3      | Learned a level 4 spell: Olgreb's Toxic Radiance
  2615 | D:3      | You fall into a shaft and drop 2 floors!
  2615 | D:5      | Entered Level 5 of the Dungeon
  2701 | D:5      | Noticed a scorpion
  2733 | D:4      | Noticed Sigmund
  2750 | D:4      | Killed Sigmund
  2751 | D:4      | Reached skill level 5 in Alchemy
  2751 | D:4      | Gained mutation: You regenerate magic rapidly. [demonic
                  | ancestry]
  2751 | D:4      | Reached XP level 5. HP: 37/38 MP: 2/9
  2995 | D:4      | Found a glowing drain.
  3000 | D:4      | Gained mutation: You have a somewhat thin skeletal
                  | structure. (Dex +2, Stealth+) [demonic ancestry]
  3000 | D:4      | Reached XP level 6. HP: 44/44 MP: 7/11
  3026 | Sewer    | Entered a sewer
  3048 | Sewer    | Learned a level 4 spell: Ignite Poison
  3421 | Sewer    | Found a shimmering altar of Xom.
  3534 | D:4      | Gained mutation: You have a pair of horns on your head.
                  | [demonic ancestry]
  3534 | D:4      | Reached XP level 7. HP: 45/50 MP: 3/13
  3589 | D:4      | Found a staircase to the Ecumenical Temple.
  3636 | Temple   | Entered the Ecumenical Temple
  4308 | D:4      | Found a roughly hewn altar of Beogh.
  4496 | D:3      | Found a snail-covered altar of Cheibriados.
  4521 | D:3      | Found a radiant altar of Vehumet.
  4665 | D:3      | Became a worshipper of Vehumet
  5088 | D:3      | Noticed Jessica
  5091 | D:3      | Killed Jessica
  5119 | D:3      | Found a faded altar of an unknown god.
  5120 | D:3      | Found a hazy altar of Hepliaklqana.
  5380 | D:5      | Reached skill level 5 in Spellcasting
  5532 | D:5      | Found an iron altar of Okawaru.
  5584 | D:5      | Reached skill level 1 in Dodging
  5584 | D:5      | Reached skill level 1 in Fire Magic
  5584 | D:5      | Reached XP level 8. HP: 39/57 MP: 13/15
  5910 | D:5      | Reached * piety under Vehumet
  5910 | D:5      | Offered knowledge of Shock by Vehumet.
  6399 | D:5      | Reached skill level 3 in Fighting
  6427 | D:5      | Found a shimmering altar of Xom.
  6427 | D:5      | Found a shimmering blue altar of Sif Muna.
  7378 | D:7      | Gained mutation: You have a moderately thin skeletal
                  | structure. (Dex +4, Stealth++) [demonic ancestry]
  7378 | D:7      | Reached XP level 9. HP: 65/65 MP: 17/17
  7422 | D:7      | Reached skill level 4 in Fighting
  7876 | D:7      | Reached ** piety under Vehumet
  7889 | D:7      | Found a broken altar of Ashenzari.
  8016 | D:7      | Offered knowledge of Sandblast by Vehumet.
  8342 | D:7      | Found a sacrificial altar of Ru.
  8812 | D:8      | Identified the +0 leather armour "Zodyirgha" {^Drain Fly
                  | SInv Stlth+}
  8852 | D:8      | Reached skill level 5 in Fighting
  8980 | D:8      | Gained mutation: You have a pair of large horns on your
                  | head. [demonic ancestry]
  8980 | D:8      | Reached XP level 10. HP: 74/74 MP: 14/20
  9440 | D:9      | Noticed Erolcha
  9476 | D:9      | Offered knowledge of Scorch by Vehumet.
  9486 | D:9      | Learned a level 2 spell: Scorch
  9498 | D:9      | Noticed a cyclops
  9504 | D:9      | Killed a cyclops
  9579 | D:9      | Noticed Harold
  9587 | D:9      | Killed Harold
  9838 | D:9      | Reached *** piety under Vehumet
  9923 | D:9      | Noticed Joseph
  9944 | D:9      | Killed Joseph
  9945 | D:9      | Reached skill level 6 in Fighting
  9945 | D:9      | Reached skill level 5 in Fire Magic
  9946 | D:9      | Noticed Psyche
  9954 | D:9      | Killed Psyche
 10104 | D:10     | Entered Level 10 of the Dungeon
 10317 | D:10     | Noticed Fannar
 10571 | D:10     | Reached skill level 5 in Conjurations
 10571 | D:10     | Reached skill level 5 in Evocations
 10838 | D:10     | Found a staircase to the Lair.
 10847 | D:10     | Reached XP level 11. HP: 83/83 MP: 22/22
 10887 | Lair:1   | Entered Level 1 of the Lair of Beasts
 10895 | Lair:1   | Offered knowledge of Fulminant Prism by Vehumet.
 10901 | Lair:1   | Learned a level 4 spell: Fulminant Prism
 11162 | Lair:1   | Reached skill level 7 in Fighting
 11395 | Lair:1   | Reached **** piety under Vehumet
 11757 | Lair:2   | Noticed a lindwurm
 11764 | Lair:2   | Killed a lindwurm
 11835 | Lair:2   | Reached skill level 1 in Staves
 11864 | Lair:2   | Offered knowledge of Yara's Violent Unravelling by Vehumet.
 11940 | Lair:2   | Noticed a catoblepas
 11949 | Lair:2   | Killed a catoblepas
 11958 | Lair:2   | Reached XP level 12. HP: 45/92 MP: 10/24
 12195 | Lair:2   | Learned a level 5 spell: Yara's Violent Unravelling
 12336 | Lair:2   | Reached skill level 10 in Alchemy
 12452 | Lair:2   | Found a staircase to the Shoals.
 12463 | Lair:2   | Reached skill level 8 in Fighting
 12558 | Lair:2   | Found a hole to the Spider Nest.
 12635 | Lair:2   | Reached skill level 1 in Hexes
 12666 | Lair:2   | Reached skill level 5 in Dodging
 13460 | Lair:3   | Found a sacrificial altar of Ru.
 13544 | Lair:3   | Noticed a five-headed hydra
 13554 | Lair:3   | Killed a five-headed hydra
 13973 | Lair:3   | Reached ***** piety under Vehumet
 13973 | Lair:3   | Offered knowledge of Fireball by Vehumet.
 13974 | Lair:3   | Reached skill level 9 in Fighting
 13974 | Lair:3   | Gained mutation: You have an unnaturally thin skeletal
                  | structure. (Dex +6, Stealth+++) [demonic ancestry]
 13974 | Lair:3   | Reached XP level 13. HP: 101/101 MP: 26/26
 15151 | Lair:3   | Identified the +5 ring mail "Buojat" {Str+2}
 15395 | Lair:3   | Learned a level 5 spell: Fireball
 15619 | Lair:4   | Reached skill level 10 in Spellcasting
 16072 | Lair:4   | Noticed Josephine
 16086 | Lair:4   | Killed Josephine
 16090 | Lair:4   | Reached skill level 10 in Fighting
 16440 | Lair:5   | Entered Level 5 of the Lair of Beasts
 16663 | Lair:5   | Gained mutation: When hurt, damage is shared between your
                  | health and your magic reserves. [demonic ancestry]
 16663 | Lair:5   | Reached XP level 14. HP: 110/110 MP: 28/28
 17000 | Lair:5   | Reached skill level 10 in Evocations
 17038 | Lair:5   | Offered knowledge of Conjure Ball Lightning by Vehumet.
 17278 | Lair:5   | Reached skill level 10 in Fire Magic
 17396 | Lair:5   | Found a staircase to the Slime Pits.
 17397 | Lair:5   | Found a viscous altar of Jiyva.
 18395 | Lair:5   | Reached skill level 10 in Conjurations
 18924 | D:10     | Found a runed translucent door.
 18924 | D:10     | Noticed inkslinger's ghost (journeyman GnSh)
 18950 | D:10     | Killed Fannar
 19020 | D:10     | Killed inkslinger's ghost
 19248 | D:9      | Offered knowledge of Irradiate by Vehumet.
 19260 | D:9      | Learned a level 5 spell: Irradiate
 19300 | D:9      | Killed Erolcha
 20594 | D:11     | Found a sparkling altar of Nemelex Xobeh.
 21609 | D:12     | Reached XP level 15. HP: 116/116 MP: 29/29
 21660 | D:12     | Found a staircase to the Orcish Mines.
 22085 | Orc:1    | Entered Level 1 of the Orcish Mines
 22086 | Orc:1    | Offered knowledge of Orb of Destruction by Vehumet.
 22111 | Orc:1    | Learned a level 7 spell: Orb of Destruction
 22407 | Orc:1    | Found Hyulluti's Distillery.
 22415 | Orc:1    | Bought a potion of heal wounds for 60 gold pieces
 22415 | Orc:1    | Bought a potion of lignification for 36 gold pieces
 22415 | Orc:1    | Bought a potion of brilliance for 48 gold pieces
 22415 | Orc:1    | Bought a potion of enlightenment for 60 gold pieces
 22614 | Orc:1    | Bought a potion of brilliance for 48 gold pieces
 22628 | Orc:2    | Entered Level 2 of the Orcish Mines
 22676 | Orc:2    | Reached skill level 5 in Staves
 22885 | Orc:2    | Found Syiseod's Antique Armour Emporium.
 22939 | Orc:2    | Found Enowirchi's General Store.
 22958 | Orc:2    | Bought a potion of curing for 39 gold pieces
 23034 | Orc:2    | Found Deanasob's Antique Weapon Boutique.
 23111 | Orc:2    | Found Ageig's General Store.
 23150 | Orc:2    | Found a staircase to the Elven Halls.
 23294 | Orc:2    | Found Peuvvigu's Jewellery Emporium.
 23307 | Orc:2    | Bought the amulet of Vitality {Regen++ RegenMP++} for 1000
                  | gold pieces
 23307 | Orc:2    | Found the amulet of Vitality {Regen++ RegenMP++}
 23553 | Orc:2    | Bought a shiny kite shield for 187 gold pieces
 23713 | D:13     | Reached skill level 1 in Shields
 23830 | D:13     | Noticed Snorg
 23848 | D:13     | Killed Snorg
 24048 | D:13     | Reached ****** piety under Vehumet
 24737 | D:14     | Found a gate to the Vaults.
 24798 | D:14     | Reached skill level 5 in Hexes
 24884 | D:14     | Reached skill level 11 in Fighting
 24984 | D:14     | Noticed Kirke
 25005 | D:14     | Noticed a sphinx
 25006 | D:14     | Killed Kirke
 25053 | D:14     | Noticed Frances
 25060 | D:14     | Killed Frances
 25690 | D:15     | Entered Level 15 of the Dungeon
 25731 | D:15     | Found a runed translucent gate.
 25732 | D:15     | Found a runed translucent gate.
 25733 | D:15     | Found a runed translucent gate.
 25733 | D:15     | Noticed Hehag's ghost (journeyman MiBe)
 25890 | D:15     | Offered knowledge of Spellforged Servitor by Vehumet.
 26145 | D:15     | Gained mutation: A meltable icy envelope protects you from
                  | harm. (AC +8) [demonic ancestry]
 26145 | D:15     | Reached XP level 16. HP: 125/125 MP: 26/31
 26232 | D:15     | Reached skill level 5 in Shields
 26475 | D:15     | Found a staircase to the Depths.
 27133 | D:15     | Killed Hehag's ghost
 27185 | D:15     | Identified the +2 cloak "Pedgh" {Will+ Stlth+}
 27431 | Shoals:1 | Entered Level 1 of the Shoals
 27460 | Shoals:1 | Found a glacial archway.
 27471 | IceCv    | Entered an ice cave
 27588 | IceCv    | Offered knowledge of Lee's Rapid Deconstruction by Vehumet.
 27821 | IceCv    | Found the +3 pair of gauntlets of War {Slay+5}
 27821 | IceCv    | Found the +2 Maxwell's thermic engine {flame, freeze, rev}
 27885 | IceCv    | Identified the ring "Olaita" {Fly MP-9 Str+6 Int+8}
 28143 | Shoals:1 | Found Fommem's Gadget Gallery.
 28145 | Shoals:1 | Noticed Mlioglotl
 28162 | Shoals:1 | Killed Mlioglotl
 28720 | Shoals:2 | Identified the +1 robe "Uriw" {^Contam rElec rN+ Archmagi}
 28779 | Shoals:2 | Found Roghepus's Distillery.
 28886 | Shoals:2 | Reached skill level 12 in Fighting
 29649 | Shoals:3 | Found a runed translucent gate.
 29650 | Shoals:3 | Found a runed translucent gate.
 29651 | Shoals:3 | Found a runed translucent gate.
 29674 | Shoals:3 | Reached XP level 17. HP: 133/133 MP: 15/32
 29716 | Shoals:3 | Found Nuodwaust's Book Shoppe.
 29722 | Shoals:3 | Offered knowledge of Eringya's Noxious Bog by Vehumet.
 30209 | Shoals:4 | Entered Level 4 of the Shoals
 30439 | Shoals:4 | Noticed Ilsuiw
 30446 | Shoals:4 | Killed Ilsuiw
 30542 | Shoals:4 | Got a barnacled rune of Zot
 30991 | Shoals:4 | Identified the +2 scale mail of Ynor {rElec rN+ Stlth+}
                  | (You took it off a merfolk impaler on level 4 of the
                  | Shoals)
 31119 | Shoals:4 | Noticed a kraken
 31171 | Shoals:4 | Noticed a kraken
 31187 | Shoals:4 | Killed a kraken
 31205 | Shoals:4 | Killed a kraken
 31206 | Shoals:4 | Reached skill level 10 in Shields
 31316 | Shoals:4 | Found a snail-covered altar of Cheibriados.
 31718 | Spider:1 | Entered Level 1 of the Spider Nest
 31718 | Spider:1 | Noticed Rupert
 31719 | Spider:1 | Identified the serpent talisman of Divine Compulsion {rN+
                  | Str+2 Int+3}
 31719 | Spider:1 | Noticed Aizul
 31880 | Spider:1 | Learned a level 6 spell: Starburst
 32009 | Spider:1 | Killed Aizul
 32046 | Spider:1 | Killed Rupert
 32047 | Spider:1 | Gained mutation: Your magical and physical power is
                  | slightly enhanced at high health. [demonic ancestry]
 32047 | Spider:1 | Reached XP level 18. HP: 140/140 MP: 3/34
 32496 | Spider:1 | Identified the granite talisman of Insecurity {*Slow Int+5
                  | Dex+4}
 32496 | Spider:1 | Noticed Roxanne
 32809 | Spider:1 | Killed Roxanne
 33071 | Spider:2 | Found a transporter.
 33104 | Spider:2 | Noticed Futrougy's ghost (adept DrAE)
 33132 | Spider:2 | Found a transporter.
 34457 | Spider:2 | Identified the staff of Cheese {rPois Str+2 Stlth- Conj}
 34549 | Spider:3 | Offered knowledge of Lehudib's Crystal Spear by Vehumet.
 34549 | Spider:3 | Offered knowledge of Fire Storm by Vehumet.
 34549 | Spider:3 | Offered knowledge of Ignition by Vehumet.
 34646 | Spider:3 | Noticed Mara
 34719 | Spider:2 | Noticed gameguard's illusion
 34733 | Spider:2 | Killed Mara
 34743 | Spider:2 | Gained mutation: You are dopey. (Int -2) [mutagenic glow]
 34752 | Spider:2 | Lost mutation: You are dopey. (Int -2) [potion of mutation]
 34752 | Spider:2 | Gained mutation: Potions are less effective at restoring
                  | your health. [potion of mutation]
 34752 | Spider:2 | Gained mutation: You have large cloven feet. [potion of
                  | mutation]
 34755 | Spider:2 | Lost mutation: You have large cloven feet. [potion of
                  | mutation]
 34755 | Spider:2 | Lost mutation: Potions are less effective at restoring your
                  | health. [potion of mutation]
 34755 | Spider:2 | Gained mutation: Your health recovers twice as slowly from
                  | being drained. [potion of mutation]
 34781 | Spider:2 | Lost mutation: Your health recovers twice as slowly from
                  | being drained. [potion of mutation]
 34781 | Spider:2 | Gained mutation: You sometimes lose your temper in combat.
                  | [potion of mutation]
 34781 | Spider:2 | Gained mutation: You occasionally shout uncontrollably at
                  | your foes. [potion of mutation]
 34782 | Spider:2 | Lost mutation: You sometimes lose your temper in combat.
                  | [potion of mutation]
 34782 | Spider:2 | Lost mutation: You occasionally shout uncontrollably at
                  | your foes. [potion of mutation]
 34782 | Spider:2 | Gained mutation: You are resistant to electric shocks.
                  | (rElec) [potion of mutation]
 34782 | Spider:2 | Gained mutation: You have large cloven feet. [potion of
                  | mutation]
 34782 | Spider:2 | Gained mutation: Your flesh is heat resistant. (rF+)
                  | [potion of mutation]
 34947 | Spider:3 | Found a roughly hewn altar of Beogh.
 34967 | Spider:3 | Identified the +2 chain mail of Yroanap {rElec rN+++ Regen+
                  | Str-4}
 35009 | Spider:4 | Entered Level 4 of the Spider Nest
 35688 | Spider:4 | Got a gossamer rune of Zot
 36136 | Vaults:1 | Entered Level 1 of the Vaults
 36323 | Vaults:1 | Gained mutation: When low on magic, you restore magic in
                  | place of health. [demonic ancestry]
 36323 | Vaults:1 | Reached XP level 19. HP: 146/146 MP: 23/36
 36676 | Vaults:1 | Reached skill level 10 in Staves
 37124 | Vaults:2 | Noticed Sojobo
 37131 | Vaults:2 | Killed Sojobo
 38629 | Vaults:3 | Reached XP level 20. HP: 131/153 MP: 31/38
 38645 | Vaults:3 | Noticed Jory
 38653 | Vaults:3 | Found an ancient bone altar of Kikubaaqudgha.
 38653 | Vaults:3 | Found a staircase to the Crypt.
 38653 | Vaults:3 | Found a basalt altar of Yredelemnul.
 38814 | Vaults:3 | Found Bughues's Jewellery Shoppe.
 38907 | Vaults:3 | Reached skill level 15 in Fire Magic
 38908 | Vaults:3 | Noticed Donald
 38912 | Vaults:3 | Killed Donald
 39043 | Vaults:3 | Identified the +7 hand cannon of the Middle {heavy, Str+7
                  | Int+4}
 39057 | Vaults:3 | Killed Jory
 39723 | Vaults:3 | Learned a level 8 spell: Ignition
 40748 | Vaults:4 | Noticed Bai Suzhen
 40758 | Vaults:4 | Killed Bai Suzhen
 40907 | Vaults:5 | Entered Level 5 of the Vaults
 40911 | Vaults:5 | Gained mutation: Your magical and physical power is
                  | enhanced at high health. [demonic ancestry]
 40911 | Vaults:5 | Reached XP level 21. HP: 155/159 MP: 39/39
 41050 | Vaults:5 | Noticed a golden dragon
 41053 | Vaults:5 | Killed a golden dragon
 41135 | Vaults:5 | Noticed a dread lich
 41136 | Vaults:5 | Noticed a dread lich
 41141 | Vaults:5 | Killed a dread lich
 41143 | Vaults:5 | Killed a dread lich
 41158 | Vaults:5 | Reached skill level 5 in Armour
 41334 | Vaults:5 | Got a silver rune of Zot
 41440 | Vaults:5 | Identified the +3 ring mail of Protective Custody {rF-
                  | Will+ Int+8}
 41445 | Vaults:5 | Got the Encyclopedia of Brumal Left-Handed Words
 41902 | Vaults:5 | Identified the +10 broad axe of Imif Desho {protect,
                  | *Corrode Dex+6}
 41986 | Vaults:5 | Got Kikubaaqudgha's Tome of Necromancy
 42314 | Vaults:5 | Got Xuv Luzaac's Verses on Imprecation
 42680 | Elf:1    | Entered Level 1 of the Elven Halls
 42734 | Elf:1    | Gained mutation: Your magical and physical power is greatly
                  | enhanced at high health. [demonic ancestry]
 42734 | Elf:1    | Reached XP level 22. HP: 168/168 MP: 30/40
 42810 | Elf:1    | Reached skill level 13 in Fighting
 42935 | Elf:1    | Reached skill level 1 in Shapeshifting
 43093 | Elf:1    | Paralysed by an air elemental for 1 turns
 43182 | Elf:1    | Found Pofobu Piun's Assorted Antiques.
 43189 | Elf:1    | Bought a wand of digging (4) for 403 gold pieces
 43191 | Elf:1    | Bought a scroll of enchant armour for 180 gold pieces
 43744 | Elf:2    | Found Beobli's Armour Shoppe.
 44016 | Elf:2    | Found a runed translucent gate.
 44017 | Elf:2    | Found a runed translucent gate.
 44017 | Elf:2    | Found a runed translucent gate.
 44228 | Elf:2    | Noticed Zenata
 44235 | Elf:2    | Killed Zenata
 44422 | Elf:3    | Entered Level 3 of the Elven Halls
 44448 | Elf:3    | Found a stormy altar of Qazlal.
 44449 | Elf:3    | Paralysed by an air elemental for 1 turns
 44619 | Elf:2    | Found a shimmering blue altar of Sif Muna.
 45045 | Elf:3    | Reached skill level 15 in Shields
 45045 | Elf:3    | Reached skill level 15 in Spellcasting
 45174 | Elf:3    | Identified the +7 longbow of Nualan {drain, rElec rF+ MP+9}
 45228 | Elf:3    | Identified the amulet of Dithmenos's Reproof {Acrobat
                  | Str+4}
 45232 | Elf:3    | Identified the staff of Quzxues {Str+2 Earth}
 45236 | Elf:3    | Identified the amulet "Riseqoff" {RegenMP+ rCorr Stlth+}
                  | (You took it off a deep elf zephyrmancer on level 3 of the
                  | Elven Halls)
 45290 | Elf:3    | Identified the +1 ring mail of Gestures {Str+2 Dex+3}
 45292 | Elf:3    | Got the Commentary on Charms and Phantasms
 45293 | Elf:3    | Identified the +4 orcbow "Maas Ydylli" {drain, rCorr Str+2
                  | Dex+6 SInv}
 45295 | Elf:3    | Identified the +1 shortbow of Fee Simple {heavy, rF+}
 45569 | Orc:2    | Bought a potion of magic for 136 gold pieces
 45569 | Orc:2    | Bought 2 scrolls of teleportation for 102 gold pieces
 45569 | Orc:2    | Bought a scroll of immolation for 68 gold pieces
 45569 | Orc:2    | Bought a potion of mutation for 136 gold pieces
 45778 | Shoals:1 | Bought a box of beasts for 600 gold pieces
 45778 | Shoals:1 | Bought a condenser vane for 600 gold pieces
 45778 | Shoals:1 | Bought a phial of floods for 600 gold pieces
 45778 | Shoals:1 | Bought a lightning rod (4/4) for 600 gold pieces
 45801 | Shoals:2 | Bought a potion of enlightenment for 100 gold pieces
 45801 | Shoals:2 | Bought 2 potions of curing for 120 gold pieces
 45801 | Shoals:2 | Bought a potion of mutation for 160 gold pieces
 45926 | Slime:1  | Entered Level 1 of the Pits of Slime
 45955 | Slime:1  | Reached XP level 23. HP: 154/177 MP: 29/42
 46046 | Slime:5  | Entered Level 5 of the Pits of Slime
 46074 | Slime:5  | Noticed the Royal Jelly
 46225 | Slime:5  | Gained mutation: Armour fits poorly on your strangely
                  | shaped body. [a shining eye]
 46227 | Slime:5  | Gained mutation: Your magical capacity is low. (-10% MP) [a
                  | shining eye]
 46228 | Slime:5  | Gained mutation: You are clumsy. (Dex -2) [a shining eye]
 46234 | Slime:5  | Reached skill level 14 in Fighting
 46407 | Slime:5  | Gained mutation: Your spells are a little easier to cast,
                  | but a little less powerful. [a shining eye]
 46412 | Slime:5  | Killed the Royal Jelly
 46413 | Slime:5  | Reached skill level 15 in Conjurations
 46937 | Slime:5  | Got a slimy rune of Zot
 46938 | Slime:5  | Identified the staff of Rebryq {rN+ SInv Necro}
 47139 | D:10     | Lost mutation: Your magical capacity is low. (-10% MP)
                  | [potion of mutation]
 47139 | D:10     | Lost mutation: Your flesh is heat resistant. (rF+) [potion
                  | of mutation]
 47140 | D:10     | Lost mutation: Armour fits poorly on your strangely shaped
                  | body. [potion of mutation]
 47140 | D:10     | Lost mutation: You are resistant to electric shocks.
                  | (rElec) [potion of mutation]
 47140 | D:10     | Gained mutation: Your mind is acute. (Int +4, Str/Dex -1)
                  | [potion of mutation]
 47140 | D:10     | Lost mutation: You are clumsy. (Dex -2) [potion of
                  | mutation]
 47538 | Depths:1 | Entered Level 1 of the Depths
 47749 | Depths:1 | Found a gateway to Hell.
 47901 | Depths:1 | Found Quxufick's Book Emporium.
 47915 | Depths:1 | Reached skill level 5 in Shapeshifting
 47945 | Depths:1 | Learned a level 6 spell: Bombard
 48297 | Depths:1 | Found a shadowy altar of Dithmenos.
 48380 | Depths:1 | Found an opulent altar of Gozag.
 49304 | Depths:2 | Reached skill level 1 in Earth Magic
 49356 | Depths:2 | Found a one-way gate leading to the halls of Pandemonium.
 50067 | Depths:2 | Learned a level 9 spell: Fire Storm
 50167 | Depths:3 | Noticed Norris
 50182 | Depths:3 | Killed Norris
 50335 | Depths:3 | Found a runed translucent gate.
 50335 | Depths:3 | Found a runed translucent gate.
 50336 | Depths:3 | Found a runed translucent gate.
 50432 | Depths:3 | Reached XP level 24. HP: 182/186 MP: 7/42
 50744 | Depths:3 | Reached skill level 10 in Dodging
 50747 | Depths:3 | Found a one-way gateway to a ziggurat.
 51032 | Depths:3 | Found a corrupted altar of Lugonu.
 51035 | Depths:3 | Found a one-way gate to the infinite horrors of the Abyss.
 51172 | Depths:3 | Found a runed translucent gate.
 51172 | Depths:3 | Found a runed translucent gate.
 51173 | Depths:3 | Found a runed translucent gate.
 51173 | Depths:3 | Noticed Jigeme's ghost (veteran DEHs)
 51600 | Depths:2 | Got Oziuren's Catalogue of Rot and the Snake
 51793 | Depths:4 | Entered Level 4 of the Depths
 52099 | Depths:4 | Reached skill level 15 in Fighting
 52335 | Depths:4 | Identified a scroll of acquirement
 52338 | Depths:4 | Acquired 1249 gold pieces
 52660 | Depths:4 | Found a gate to the Realm of Zot.
 53057 | Depths:4 | Found Tuutwedgh's Jewellery Shop.
 53058 | Depths:4 | Found Tafeimp's Book Shoppe.
 53058 | Depths:4 | Found Xiriegge's Book Shoppe.
 53066 | Depths:4 | Bought the ring "Boytrif" {rCorr MP+9 Int+4} for 820 gold
                  | pieces
 53567 | Crypt:1  | Entered Level 1 of the Crypt
 53641 | Crypt:1  | Noticed Margery
 53650 | Crypt:1  | Killed Margery
 53762 | Crypt:1  | Learned a level 1 spell: Apportation
 53781 | Crypt:1  | Killed the ghostly Margery
 53843 | Crypt:1  | Found a magical portal.
 53851 | WizLab   | Entered Tukima's Studio
 53863 | WizLab   | Reached skill level 5 in Earth Magic
 53890 | WizLab   | Reached skill level 1 in Translocations
 54175 | Crypt:1  | Noticed Saint Roka
 54179 | Crypt:1  | Killed Saint Roka
 54183 | Crypt:1  | Reached XP level 25. HP: 180/195 MP: 29/43
 54746 | Crypt:2  | Noticed Grunn
 54761 | Crypt:2  | Killed Grunn
 55442 | Crypt:2  | Found an ancient bone altar of Kikubaaqudgha.
 55596 | Crypt:3  | Entered Level 3 of the Crypt
 55908 | Crypt:3  | Noticed a royal mummy
 55916 | Crypt:3  | Killed a royal mummy
 57016 | Crypt:3  | Identified the ring of Peace {rPois rF+ rN++ Will- rCorr
                  | EV+5}
 57016 | Crypt:3  | Identified the ring "Zeup" {Fly rC+ rN++}
 57016 | Crypt:3  | Identified the ring "Icviopsa" {rN++ MP+9 EV+5 Dex+4}
 57272 | Crypt:3  | Found a staircase to the Tomb.
 57454 | Crypt:3  | Got the Volume of Wild Subspace
 57470 | Crypt:3  | Identified the staff "Nemnyhit" {*Corrode rPois rN++ Summ
                  | Tloc Alchemy}
 57990 | Zot:1    | Entered Level 1 of the Realm of Zot
 58031 | Zot:1    | Reached skill level 16 in Fighting
 59494 | Zot:2    | Identified the +0 robe of Sunlight {Str+3 Int+4}
 60142 | Zot:3    | Reached XP level 26. HP: 199/204 MP: 44/44
 60955 | Zot:4    | Reached skill level 10 in Shapeshifting
 61175 | Zot:4    | Learned a level 2 spell: Blink
 61180 | Zot:4    | Learned a level 4 spell: Vhi's Electric Charge
 61793 | Shoals:2 | Bought a potion of lignification for 60 gold pieces
 61793 | Shoals:2 | Bought a potion of might for 80 gold pieces
 61793 | Shoals:2 | Bought a potion of ambrosia for 160 gold pieces
 61793 | Shoals:2 | Bought a potion of ambrosia for 160 gold pieces
 62104 | Elf:1    | Bought a potion of lignification for 72 gold pieces
 62540 | Tomb:1   | Entered Level 1 of the Tomb of the Ancients
 62650 | Tomb:1   | Reached skill level 1 in Air Magic
 63129 | Tomb:1   | Noticed a royal mummy
 63132 | Tomb:1   | Killed a royal mummy
 63757 | Tomb:3   | Entered Level 3 of the Tomb of the Ancients
 63775 | Tomb:3   | Reached skill level 10 in Earth Magic
 63778 | Tomb:3   | Reached skill level 5 in Translocations
 63783 | Tomb:3   | Gained mutation: A meltable icy envelope protects you from
                  | harm. (AC +8) [demonic ancestry]
 63783 | Tomb:3   | Reached XP level 27. HP: 210/210 MP: 45/45
 63796 | Tomb:3   | Noticed Khufu
 63800 | Tomb:3   | Killed Khufu
 63800 | Tomb:3   | Killed a royal mummy
 63801 | Tomb:3   | Killed a royal mummy
 63806 | Tomb:3   | Gained mutation: Your health recovers twice as slowly from
                  | being drained. [mutagenic glow]
 63808 | Tomb:3   | Noticed a royal mummy
 63813 | Tomb:3   | Killed a royal mummy
 63816 | Tomb:3   | Gained mutation: You are frail. (-10% HP) [mutagenic glow]
 63846 | Tomb:3   | Noticed a royal mummy
 63847 | Tomb:3   | Noticed a royal mummy
 63848 | Tomb:3   | Noticed a royal mummy
 63849 | Tomb:3   | Killed a royal mummy
 63850 | Tomb:3   | Killed a royal mummy
 63850 | Tomb:3   | Killed a royal mummy
 64034 | Tomb:3   | Noticed a royal mummy
 64037 | Tomb:3   | Killed a royal mummy
 64093 | Tomb:3   | Got a golden rune of Zot
 64099 | Tomb:3   | Got a sanguine gem with 213 turns to spare
 64141 | Tomb:3   | Noticed a royal mummy
 64145 | Tomb:3   | Killed a royal mummy
 64155 | Tomb:3   | Found the Charlatan's Orb {orb Evoboost}
 64171 | Tomb:3   | Identified the ring of Mile {Will+ Str+3 SInv}
 64175 | Tomb:3   | Identified the +0 leather armour of Ujuefy {Rampage Dex+4}
 64184 | Tomb:3   | Got the Compendium of Frore Transmogrification
 64191 | Tomb:3   | Identified the +4 orcbow of Precise Incision {elec, rElec
                  | rF+ rCorr}
 64231 | Tomb:3   | Identified the +8 war axe of the Secret Realms {flame, rN+
                  | Will+ Int+5 Dex-2}
 64234 | Tomb:3   | Identified the +10 hand axe of Hell's Wrath {venom, rPois}
 64240 | Tomb:3   | Identified the +8 hand axe "Vafaul" {spect, rElec Will+
                  | SInv}
 64246 | Tomb:3   | Identified the +8 chain mail "Wotem" {rC+}
 64274 | Tomb:3   | Lost mutation: Your health recovers twice as slowly from
                  | being drained. [potion of mutation]
 64274 | Tomb:3   | Lost mutation: Your spells are a little easier to cast, but
                  | a little less powerful. [potion of mutation]
 64274 | Tomb:3   | Gained mutation: Your spells are a little harder to cast,
                  | but a little more powerful. [potion of mutation]
 64274 | Tomb:3   | Lost mutation: You have large cloven feet. [potion of
                  | mutation]
 64274 | Tomb:3   | Gained mutation: You are resistant to electric shocks.
                  | (rElec) [potion of mutation]
 64294 | Tomb:3   | Learned a level 8 spell: Lehudib's Crystal Spear
 64816 | Hell     | Entered the Vestibule of Hell
 64816 | Hell     | Noticed Geryon
 64820 | Hell     | Killed Geryon
 65020 | Hell     | Found a gateway to the freezing wastes of Cocytus.
 65146 | Hell     | Found a gateway to the Iron City of Dis.
 65205 | Hell     | Found a gateway to the ashen valley of Gehenna.
 65329 | Hell     | Found a gateway to the decaying netherworld of Tartarus.
 65653 | Geh:1    | Entered Level 1 of Gehenna
 66441 | Zig:1    | Entered Level 1 of a ziggurat
 66491 | Zig:2    | Entered Level 2 of a ziggurat
 66511 | Zig:3    | Entered Level 3 of a ziggurat
 66549 | Zig:3    | Identified the orb of the Lily {light, rCorr}
 66559 | Zig:4    | Entered Level 4 of a ziggurat
 66584 | Zig:4    | Identified the +2 great sword of the Volcano {spect, MP+9
                  | Stlth+}
 66588 | Zig:4    | Identified the +2 rapier of Eternal Vigilance {vamp,
                  | *Corrode rElec Int+6}
 66589 | Zig:4    | Identified the +8 spear "Tebbot" {protect, Str+4}
 66592 | Zig:5    | Entered Level 5 of a ziggurat
 66634 | Zig:6    | Entered Level 6 of a ziggurat
 66639 | Zig:6    | Found the +3 salamander hide armour {Flames, rFlCloud rF++
                  | rC--}
 66684 | Zig:7    | Entered Level 7 of a ziggurat
 66719 | Zig:7    | Identified the ring "Ybytaimp" {rElec Will++ Str+6 Dex+2
                  | Slay-6}
 66730 | Zig:8    | Entered Level 8 of a ziggurat
 66742 | Zig:8    | Noticed an ancient lich
 66743 | Zig:8    | Noticed a dread lich
 66745 | Zig:8    | Killed an ancient lich
 66746 | Zig:8    | Killed a dread lich
 66751 | Zig:8    | Identified the +1 chain mail of Dystrest {Regen+ Int+4}
 66774 | Zig:9    | Entered Level 9 of a ziggurat
 66790 | Zig:9    | Noticed Zoddas the pandemonium lord
 66793 | Zig:9    | Killed Zoddas the pandemonium lord
 66874 | Zig:10   | Entered Level 10 of a ziggurat
 66890 | Zig:10   | Noticed an orb of fire
 66893 | Zig:10   | Killed an orb of fire
 66893 | Zig:10   | Noticed an orb of fire
 66896 | Zig:10   | Noticed an orb of fire
 66897 | Zig:10   | Killed an orb of fire
 66899 | Zig:10   | Killed an orb of fire
 67061 | Zig:10   | Found the brooch of Shielding {Spirit SH+8}
 67104 | Zig:11   | Entered Level 11 of a ziggurat
 67252 | Zig:11   | Identified the ring of Akaduux {rN+ Str+6}
 67256 | Zig:12   | Entered Level 12 of a ziggurat
 67466 | Zig:13   | Entered Level 13 of a ziggurat
 67530 | Zig:13   | Got the Opusculum on Toxins and Fire
 67552 | Zig:14   | Entered Level 14 of a ziggurat
 67590 | Zig:14   | Reached skill level 17 in Fighting
 67650 | Zig:15   | Entered Level 15 of a ziggurat
 67667 | Zig:15   | Noticed an ancient lich
 67672 | Zig:15   | Killed an ancient lich
 67721 | Zig:15   | Got Ipevy's Book of Combustive Crysopoeia
 67724 | Zig:15   | Identified the +0 chain mail "Umenker" {Int+3 SInv}
 67729 | Zig:15   | Reached skill level 15 in Shapeshifting
 67758 | Zig:16   | Entered Level 16 of a ziggurat
 67782 | Zig:16   | Found the +12 glaive of Prune {freeze, Prune}
 67809 | Zig:16   | Identified the ring of Faocw {rPois rC+ Will+ MP+9}
 67831 | Zig:16   | Identified the +1 mace of Hemusoho {heavy, Str+5}
 67833 | Zig:16   | Identified the ring of Urphiseu {rElec rF- Will- rCorr
                  | SInv}
 67836 | Zig:16   | Identified the +2 leather armour "Ofudoyzeli" {rF+ rC+ rN++
                  | Str-3}
 67854 | Zig:17   | Entered Level 17 of a ziggurat
 67862 | Zig:17   | Noticed Gosic the pandemonium lord
 67862 | Zig:17   | Noticed Ymesy the pandemonium lord
 67866 | Zig:17   | Noticed Metyann the pandemonium lord
 67869 | Zig:17   | Noticed Axkisk the pandemonium lord
 67869 | Zig:17   | Noticed Kuliu the pandemonium lord
 67872 | Zig:17   | Killed Axkisk the pandemonium lord
 67874 | Zig:17   | Killed Kuliu the pandemonium lord
 67874 | Zig:17   | Killed Ymesy the pandemonium lord
 67879 | Zig:17   | Killed Metyann the pandemonium lord
 67884 | Zig:17   | Noticed Oviov the pandemonium lord
 67890 | Zig:17   | Killed Kemuujemm the pandemonium lord
 67890 | Zig:17   | Killed Oviov the pandemonium lord
 67902 | Zig:17   | Noticed Mafor the pandemonium lord
 67903 | Zig:17   | Killed Mafor the pandemonium lord
 67909 | Zig:17   | Killed Gosic the pandemonium lord
 67952 | Zig:17   | Got the Spellbook of Bile
 68283 | Geh:2    | Reached skill level 18 in Fighting
 68476 | Dis:1    | Entered Level 1 of the Iron City of Dis
 68650 | Dis:2    | Noticed an ancient lich
 68650 | Dis:2    | Noticed a dread lich
 68650 | Dis:2    | Noticed a dread lich
 68654 | Dis:2    | Killed an ancient lich
 68772 | Dis:2    | Killed a dread lich
 69052 | Dis:2    | Killed a dread lich
 69893 | Dis:7    | Entered Level 7 of the Iron City of Dis
 69914 | Dis:7    | Reached skill level 15 in Earth Magic
 70561 | Dis:7    | Noticed a juggernaut
 70565 | Dis:7    | Killed a juggernaut
 70600 | Dis:7    | Noticed Dispater
 70606 | Dis:7    | Killed Dispater
 70660 | Dis:7    | Got an iron rune of Zot
 70678 | Dis:7    | Identified the +6 lajatang of the Genius {protect, +Blink
                  | Will+}
 70869 | Tar:1    | Entered Level 1 of Tartarus
 72540 | Tar:7    | Entered Level 7 of Tartarus
 72981 | Tar:7    | Noticed the Serpent of Hell
 72986 | Tar:7    | Killed the Serpent of Hell
 72986 | Tar:7    | Noticed Ereshkigal
 72990 | Tar:7    | Killed Ereshkigal
 73047 | Tar:7    | Identified the +3 triple sword of Cheese {heavy, *Slow
                  | Str+4 Int+2}
 73048 | Tar:7    | Identified the staff "Etzorikk" {rF- rC+ rN+ Dex+6 Necro
                  | Ice}
 73052 | Tar:7    | Identified the ring of Life {Ice *Corrode rN++ Str+6}
 73053 | Tar:7    | Identified the staff "Entorosh" {rF+ Str+2 Stlth- Fire Air}
 73055 | Tar:7    | Got a bone rune of Zot
 73060 | Tar:7    | Identified the +8 short sword of War {freeze, ^Contam rF+
                  | Dex+4}
 73355 | Hell     | Lost mutation: You are frail. (-10% HP) [potion of
                  | mutation]
 73355 | Hell     | Lost mutation: Your mind is acute. (Int +4, Str/Dex -1)
                  | [potion of mutation]
 73355 | Hell     | Lost mutation: You are resistant to electric shocks.
                  | (rElec) [potion of mutation]
 73355 | Hell     | Gained mutation: You possess an exceptional clarity of
                  | mind. [potion of mutation]
 73355 | Hell     | Gained mutation: You are frail. (-10% HP) [potion of
                  | mutation]
 73356 | Hell     | Lost mutation: You are frail. (-10% HP) [potion of
                  | mutation]
 73356 | Hell     | Lost mutation: You possess an exceptional clarity of mind.
                  | [potion of mutation]
 73356 | Hell     | Lost mutation: Your spells are a little harder to cast, but
                  | a little more powerful. [potion of mutation]
 73356 | Hell     | Gained mutation: You have hidden genetic defects. [potion
                  | of mutation]
 73356 | Hell     | Gained mutation: You are strong-willed. (Will+) [potion of
                  | mutation]
 73357 | Hell     | Lost mutation: You have hidden genetic defects. [potion of
                  | mutation]
 73357 | Hell     | Lost mutation: You are strong-willed. (Will+) [potion of
                  | mutation]
 73357 | Hell     | Gained mutation: You passively map a small area around you.
                  | [potion of mutation]
 73357 | Hell     | Gained mutation: You occasionally shout uncontrollably at
                  | your foes. [potion of mutation]
 73357 | Hell     | Gained mutation: You have sharp toenails. [potion of
                  | mutation]
 73358 | Hell     | Lost mutation: You occasionally shout uncontrollably at
                  | your foes. [potion of mutation]
 73358 | Hell     | Lost mutation: You passively map a small area around you.
                  | [potion of mutation]
 73358 | Hell     | Gained mutation: You expend magic power (3 MP) to
                  | strengthen your wands. [potion of mutation]
 73358 | Hell     | Gained mutation: Your flesh is cold resistant. (rC+)
                  | [potion of mutation]
 73373 | Coc:1    | Entered Level 1 of Cocytus
 74535 | Coc:6    | Noticed a juggernaut
 74537 | Coc:6    | Killed a juggernaut
 74540 | Coc:6    | Noticed a juggernaut
 74542 | Coc:6    | Killed a juggernaut
 74569 | Coc:6    | Noticed a juggernaut
 74570 | Coc:6    | Noticed a juggernaut
 74572 | Coc:6    | Killed a juggernaut
 74573 | Coc:6    | Killed a juggernaut
 74589 | Coc:6    | Noticed a juggernaut
 74592 | Coc:6    | Killed a juggernaut
 74608 | Coc:6    | Reached skill level 19 in Fighting
 74616 | Coc:6    | Noticed a juggernaut
 74616 | Coc:6    | Noticed a juggernaut
 74616 | Coc:6    | Noticed a juggernaut
 74616 | Coc:6    | Noticed a juggernaut
 74616 | Coc:6    | Noticed a juggernaut
 74618 | Coc:6    | Killed a juggernaut
 74618 | Coc:6    | Killed a juggernaut
 74619 | Coc:6    | Killed a juggernaut
 74620 | Coc:6    | Killed a juggernaut
 74621 | Coc:6    | Killed a juggernaut
 74743 | Coc:7    | Entered Level 7 of Cocytus
 75232 | Coc:7    | Reached skill level 15 in Evocations
 75447 | Coc:7    | Noticed Antaeus
 75454 | Coc:7    | Killed Antaeus
 75502 | Coc:7    | Got an icy rune of Zot
 75506 | Coc:7    | Identified the staff of Resumed Hostilities {rPois rF+
                  | Int+6 Fire Alchemy}
 75864 | Hell     | Lost mutation: Your flesh is cold resistant. (rC+) [potion
                  | of mutation]
 75864 | Hell     | Lost mutation: You have sharp toenails. [potion of
                  | mutation]
 75864 | Hell     | Lost mutation: You expend magic power (3 MP) to strengthen
                  | your wands. [potion of mutation]
 75864 | Hell     | Gained mutation: You are clumsy. (Dex -2) [potion of
                  | mutation]
 75864 | Hell     | Gained mutation: You sometimes lose your temper in combat.
                  | [potion of mutation]
 75864 | Hell     | Gained mutation: You have hidden genetic potential. [potion
                  | of mutation]
 75864 | Hell     | Gained mutation: You are robust. (+10% HP) [potion of
                  | mutation]
 75865 | Hell     | Lost mutation: You are clumsy. (Dex -2) [potion of
                  | mutation]
 75865 | Hell     | Lost mutation: You are robust. (+10% HP) [potion of
                  | mutation]
 75865 | Hell     | Lost mutation: You have hidden genetic potential. [potion
                  | of mutation]
 75865 | Hell     | Gained mutation: You are somewhat resistant to further
                  | mutation. [potion of mutation]
 75865 | Hell     | Gained mutation: Your spells are a little harder to cast,
                  | but a little more powerful. [potion of mutation]
 75866 | Hell     | Lost mutation: Your spells are a little harder to cast, but
                  | a little more powerful. [potion of mutation]
 75866 | Hell     | Lost mutation: You are somewhat resistant to further
                  | mutation. [potion of mutation]
 75866 | Hell     | Lost mutation: You sometimes lose your temper in combat.
                  | [potion of mutation]
 75866 | Hell     | Gained mutation: You expend magic power (3 MP) to
                  | strengthen your wands. [potion of mutation]
 75866 | Hell     | Gained mutation: You are weak. (Str -2) [potion of
                  | mutation]
 75866 | Hell     | Gained mutation: You are partially covered in large bone
                  | plates. (SH +4) [potion of mutation]
 75867 | Hell     | Lost mutation: You are weak. (Str -2) [potion of mutation]
 75867 | Hell     | Lost mutation: You are partially covered in large bone
                  | plates. (SH +4) [potion of mutation]
 75867 | Hell     | Gained mutation: You are frail. (-10% HP) [potion of
                  | mutation]
 75867 | Hell     | Gained mutation: You possess an exceptional clarity of
                  | mind. [potion of mutation]
 75868 | Hell     | Lost mutation: You possess an exceptional clarity of mind.
                  | [potion of mutation]
 75868 | Hell     | Lost mutation: You are frail. (-10% HP) [potion of
                  | mutation]
 75868 | Hell     | Lost mutation: You expend magic power (3 MP) to strengthen
                  | your wands. [potion of mutation]
 75868 | Hell     | Gained mutation: You are partially covered in large bone
                  | plates. (SH +4) [potion of mutation]
 75868 | Hell     | Gained mutation: You are strong-willed. (Will+) [potion of
                  | mutation]
 75868 | Hell     | Gained mutation: You have sharp fingernails. [potion of
                  | mutation]
 76518 | Geh:4    | Reached skill level 20 in Fighting
 76867 | Geh:5    | Noticed an ancient lich
 76870 | Geh:5    | Killed an ancient lich
 77048 | Geh:6    | Noticed a dread lich
 77051 | Geh:6    | Killed a dread lich
 77294 | Geh:7    | Entered Level 7 of Gehenna
 77714 | Geh:7    | Identified the ring "Ifofas" {Fire ^Drain rPois Str-3 SInv}
 77837 | Geh:7    | Learned a level 9 spell: Shatter
 77869 | Geh:7    | Identified the +0 leather armour "Huurgh" {Dex+3}
 78037 | Geh:7    | Identified the +0 ring mail of Dithmenos's Pride {Regen+
                  | Int+2 Dex+3 Stlth+}
 78101 | Geh:7    | Identified the +5 mace of Untruth {flame, rCorr}
 78226 | Geh:7    | Found the +13 sceptre of Asmodeus
 78226 | Geh:7    | Noticed Asmodeus
 78246 | Geh:7    | Killed Asmodeus
 78297 | Geh:7    | Got an obsidian rune of Zot
 78430 | Pan      | Entered Pandemonium
 78443 | Pan      | Noticed Nacaorir the pandemonium lord
 78445 | Pan      | Killed Nacaorir the pandemonium lord
 79176 | Pan      | Noticed Horuzaw the pandemonium lord
 79178 | Pan      | Killed Horuzaw the pandemonium lord
 79224 | Pan      | Identified the amulet of Biyjel {Spirit +Inv Will++ Dex-4
                  | SInv}
 79283 | Pan      | Noticed Natwux the pandemonium lord
 79294 | Pan      | Killed Natwux the pandemonium lord
 79296 | Pan      | Noticed Ignacio
 79560 | Pan      | Killed Ignacio
 79590 | Pan      | Got a demonic rune of Zot
 79685 | Pan      | Noticed Issiok the pandemonium lord
 79774 | Pan      | Killed Issiok the pandemonium lord
 79898 | Pan      | Noticed Zakinkis the pandemonium lord
 79902 | Pan      | Killed Zakinkis the pandemonium lord
 80397 | Pan      | Found a corrupted altar of Lugonu.
 80397 | Pan      | Found a one-way gate to the infinite horrors of the Abyss.
 80439 | Pan      | Noticed Paov Zaj the pandemonium lord
 80445 | Pan      | Killed Paov Zaj the pandemonium lord
 80501 | Pan      | Entered the realm of Cerebov.
 80608 | Pan      | Identified the +1 ring mail of the Other Side {Harm Str+4
                  | Slay+2}
 80642 | Pan      | Identified the staff of the Invaders {rPois rF+ Will+ Conj
                  | Alchemy}
 80673 | Pan      | Found the +6 sword of Cerebov {flame}
 80673 | Pan      | Noticed Cerebov
 80710 | Pan      | Identified the +4 double sword of Soptysma {freeze, +Blink}
 80789 | Pan      | Identified the +7 quarterstaff of Terror {vamp, rPois rCorr
                  | Stlth-}
 80825 | Pan      | Identified the +2 leather armour of Makhleb's Scorn {Harm
                  | Will++ Str-5 Stlth+}
 80859 | Pan      | Killed Cerebov
 80888 | Pan      | Got a fiery rune of Zot
 80903 | Pan      | Identified the staff of the Six Tables {rF- rC+ Will-
                  | Stlth+ Hexes Ice}
 80904 | Pan      | Identified the amulet "Omoulaw" {Spirit Fly Regen+ Int-5
                  | Dex-2}
 81015 | Pan      | Entered the realm of Gloorx Vloq.
 81015 | Pan      | Found an exit through the horrors of the Abyss.
 81117 | Pan      | Reached skill level 21 in Fighting
 81132 | Pan      | Noticed Gloorx Vloq
 81193 | Pan      | Killed Gloorx Vloq
 81210 | Pan      | Got a dark rune of Zot
 81331 | Pan      | Identified the +3 ring mail of Courage {Str+3}
 81342 | Pan      | Noticed Wicwauh the pandemonium lord
 81343 | Pan      | Killed Wicwauh the pandemonium lord
 81362 | Pan      | Reached skill level 15 in Dodging
 81366 | Pan      | Found an exit through the horrors of the Abyss.
 81394 | Pan      | Entered the realm of Lom Lobon.
 81565 | Pan      | Noticed Lom Lobon
 81570 | Pan      | Killed Lom Lobon
 81592 | Pan      | Got a magical rune of Zot
 81693 | Pan      | Found an exit through the horrors of the Abyss.
 81854 | Pan      | Identified the +4 orcbow "Ebbaifeq" {freeze, ^Fragile rElec
                  | rC++ Int-3}
 81908 | Pan      | Entered the realm of Mnoleg.
 81956 | Pan      | Reached skill level 22 in Fighting
 81988 | Pan      | Noticed Mnoleg
 81992 | Pan      | Killed Mnoleg
 82012 | Pan      | Got a glowing rune of Zot
 82457 | Pan      | Noticed Rurghap the pandemonium lord
 82469 | Pan      | Killed Rurghap the pandemonium lord
 82513 | Pan      | Acquired the ring of Ceckion {rElec rF+ rC+ Will-}
 82776 | Pan      | Noticed Piemunwi the pandemonium lord
 82779 | Pan      | Killed Piemunwi the pandemonium lord
 82888 | Depths:2 | Escaped Pandemonium
 82961 | Depths:3 | Voluntarily entered the Abyss.
 83272 | Abyss:2  | Reached skill level 23 in Fighting
 83273 | Abyss:2  | Found a corrupted altar of Lugonu.
 83386 | Abyss:4  | Found a corrupted altar of Lugonu.
 83617 | Abyss:5  | Got an abyssal rune of Zot
 83667 | Depths:3 | Escaped the Abyss
 83895 | Zot:5    | Entered Level 5 of the Realm of Zot
 83914 | Zot:5    | Reached skill level 24 in Fighting
 84074 | Zot:5    | Noticed a dread lich
 84074 | Zot:5    | Noticed a dread lich
 84076 | Zot:5    | Killed a dread lich
 84076 | Zot:5    | Killed a dread lich
 84168 | Zot:5    | Noticed an orb of fire
 84174 | Zot:5    | Killed an orb of fire
 84194 | Zot:5    | Killed a dread lich
 84209 | Zot:5    | Noticed an ancient lich
 84216 | Zot:5    | Killed an ancient lich
 84228 | Zot:5    | Noticed an orb of fire
 84233 | Zot:5    | Killed an orb of fire
 84612 | Zot:5    | Noticed an orb of fire
 84616 | Zot:5    | Killed an orb of fire
 84652 | Zot:5    | Noticed an orb of fire
 84656 | Zot:5    | Killed an orb of fire
 84681 | Zot:5    | Noticed a dread lich
 84683 | Zot:5    | Killed a dread lich
 84729 | Zot:5    | Got the Orb of Zot
 84851 | Zot:1    | Reached skill level 25 in Fighting
 84851 | Zot:1    | Noticed Nejaady the pandemonium lord
 84854 | Zot:1    | Killed Nejaady the pandemonium lord
 84919 | Zot:1    | Noticed Ovoss the pandemonium lord
 84922 | Zot:1    | Killed Ovoss the pandemonium lord
 84979 | Depths:4 | Noticed Enaneuff the pandemonium lord
 84981 | Depths:4 | Killed Enaneuff the pandemonium lord
 85220 | D:11     | Noticed Pygyerak the pandemonium lord
 85223 | D:11     | Killed Pygyerak the pandemonium lord
 85260 | D:9      | Noticed Lorchu Zoje the pandemonium lord
 85264 | D:9      | Killed Lorchu Zoje the pandemonium lord
 85387 | D:3      | Noticed Xucis the pandemonium lord
 85394 | D:3      | Killed Xucis the pandemonium lord
 85432 | D:$      | Escaped with the Orb!

Illustrated notes

Levels and vault maps discovered:
D:1:      dpeg_arrival_windows_large_door, layout_loops_cross
D:2:      layout_loops_ring, basic_altar
D:3:      layout_basic, beargit_hepliaklqana_dungeon_heroes,
          cheibriados_altar_1, fiery_altar_vehumet, minivault_11
D:4:      layout_basic, minmay_temple_entry_large_hall, gup_sewer_entry_pipe,
          hex_medium, kennysheep_orc_chapel, uniq_sigmund
D:5:      layout_rooms, kennysheep_okawaru_gauntlet,
          gammafunk_temple_overflow_pools
D:6:      layout_rooms, minivault_5
D:7:      layout_loops_ring, good_gods_mini_temple, general_overflow_altar,
          old_standard_altar
D:8:      layout_loops_corners, corexii_leaking_fountain
D:9:      layout_grid_maze, uniq_psyche, uniq_erolcha, uniq_joseph, uniq_harold
D:10:     layout_loops_ring, david_lair_shrubbed,
          hellmonk_ghost_happy_afterlife, serial_co_window_serial,
          co_window_paths_a, co_window_paths_a, co_window_paths_a,
          co_window_paths_a, co_window_of_opportunity_a,
          co_window_unsneaky_path_b, co_window_broadway_b, co_window_2corner,
          glass_columns_a, glass_columns_a, glass_columns_a, glass_columns_a,
          uniq_fannar
D:11:     layout_layer_cave, glass_columns_a, nemelex_diamond_rough_becter
D:12:     layout_layer_cave, erik_orc_4
D:13:     layout_loops_ring, uniq_snorg
D:14:     layout_cave_pods, hellmonk_vaults_order_and_chaos,
          minmay_misc_feat_diagonals, serial_park, serial_park_square2,
          serial_park_tiny_1, serial_park_gazebo [serial_park_minivault_5x5_4],
          uniq_frances, uniq_kirke
D:15:     hangedman_depths_entry_try_elsewhere_first, layout_stronghold,
          gammafunk_ghost_tricky_traps, serial_demonic, serial_demonic_f,
          serial_demonic_g, serial_demonic_d, serial_demonic_g,
          amcnicky_mini_pool_medium
Temple:   minmay_temple_curvy_loop
Lair:1:   layout_gridlike, grunt_megastairs_2, lemuel_fruit_tree
Lair:2:   layout_cave_pods, minmay_shoals_entry_hut,
          nicolae_spider_entry_tight_spaces, st_stairs_10,
          chequers_serial_rivers_room_a, grunt_megastairs_1,
          serial_bayou_shore_a
Lair:3:   nzn_winding_woodlands_three_and_one
          [nzn_winding_woodlands_5x15_split_checker,
          nzn_winding_woodlands_5x15_sawtooth,
          nzn_winding_woodlands_5x15_default,
          nzn_winding_woodlands_center_garden], layout_small_grid, basic_altar,
          grunt_forest_stairs_basic, pdpol_lair_neglected_garden,
          kennysheep_abandoned_house
Lair:4:   layout_misc_corridors, infiniplex_staircase_pool, grunt_megastairs_5,
          uniq_josephine
Lair:5:   guppyfry_lair_end_dragon, layout_hall_layers,
          hangedman_lair_tendril_chambers, nicolae_slime_entry_slimehenge
Shoals:1: layout_shoals, portal_ice_cave_entry_pillars_1, nicolae_shop_gadgets,
          uniq_mlioglotl
Shoals:2: layout_shoals, serial_shops,
          nicolae_shop_temple_entry_statues_fountains,
          nicolae_shoals_aquamancer_cove
Shoals:3: layout_shoals, serial_shops, shop, gammafunk_ghost_cemetery,
          nicolae_shoals_stone_sculpture_thing
Shoals:4: shoals_end_grunt_ice, layout_shoals, shoals_ilsuiw_alternative,
          lemuel_altar_in_water2, ldierk_geyser
Spider:1: layout_spider_delve, uniq_rupert, uniq_aizul, uniq_roxanne
Spider:2: layout_chambers, nzn_ghost_randoct
Spider:3: nicolae_spider_mines_2, drop_trap, uniq_mara
Spider:4: hellmonk_spider_rune_endless_swarm
Slime:1:  layout_caves
Slime:2:  layout_caves
Slime:3:  layout_caves
Slime:4:  layout_caves, cheibrodos_slime_lost_civilization_4
Slime:5:  slime_pit_nicolae_inversion
Orc:1:    layout_caves, serial_shops, nicolae_shop_pleasant_corner_grove
Orc:2:    grunt_orc_gardens, layout_diamond_mine, grunt_orc_garden,
          grunt_orc_garden, grunt_orc_garden, grunt_orc_garden, serial_shops,
          nicolae_shop_stone
Elf:1:    eino_elf_arrival_customs, layout_gridlike, serial_shops,
          nicolae_square_shop, nicolae_elf_crossing_hall, minmay_strange_pillars
Elf:2:    nicolae_elf_blades_crystal_corner, layout_rooms, serial_shops,
          nicolae_take_the_stairs, lemuel_upstairs_altar, uniq_zenata
Elf:3:    elf_hall, layout_gridlike, nicolae_elf_altarnating
Vaults:1: nicolae_vaults_diagonal_hallway_6, ontoclasm_vaults_eye,
          hangedman_vaults_unwind, hangedman_vaults_corner,
          nicolae_vaults_doubleplus_tesselated,
          nicolae_vaults_trapezoid_lopsided_2, nicolae_vaults_tetromino_T_1,
          lightli_orcish_oven, nicolae_vaults_tetromino_L_1, vaults_room_grid,
          layout_vaults_big_room
Vaults:2: st_more_cells, v_rooms_6, v_misc_33, nicolae_vaults_ellipses_ellipsis,
          nicolae_vaults_closet_pinwheel_5, nicolae_vaults_wrenched,
          layout_vaults_omnigrid, uniq_sojobo
Vaults:3: v_misc_1, nicolae_vaults_offset_grid_hallway_2,
          ontoclasm_vaults_ring_large, nicolae_vaults_yaktaur_gun_rack,
          v_rooms_2, vaults_mumra_lcd, nicolae_vaults_offset_grid_hallway_2,
          nicolae_vaults_trapezoid_2, minmay_crypt_entry_necro_gods,
          nicolae_vaults_heist, ontoclasm_vaults_bender, hangedman_vaults_locks,
          vaults_room_mumra_shop_pool, nicolae_vaults_little_squares_4,
          dpeg_vaults_monster_row, v_misc_8, layout_vaults_omnibox, uniq_donald,
          uniq_jory
Vaults:4: nicolae_vaults_prndl, nicolae_vaults_circle_grid_a,
          nicolae_vaults_meiosis, nicolae_vaults_house_3,
          hangedman_vaults_capsules, grunt_vaults_bifocal,
          nicolae_vaults_trapezoid_lopsided_1, v_misc_31,
          nicolae_vaults_trapezoid_3, vaults_dpeg_diagonal,
          nicolae_vaults_surprise_closet, nicolae_vaults_three_branches,
          vaults_room_door_ring, vaults_dpeg_encased_lava,
          nicolae_vaults_little_ls, nicolae_vaults_trapezoid_lopsided_3,
          vaults_dpeg_hooks, layout_vaults_ring, uniq_bai_suzhen
Vaults:5
Crypt:1:  layout_gridlike, mu_enter_wizlab_6, roderic_lattice_octagonal_star,
          grunt_crypt_arrival_webbed, uniq_margery, uniq_saint_roka
Crypt:2:  cheibrodos_crypt_eye_of_stone, layout_gridlike,
          nicolae_crypt_statuary_hall, uniq_grunn
Crypt:3:  due_elkab, layout_chaotic_city, nicolae_tomb_entry_grand_gallery,
          serial_co_window_serial, co_window_paths_b, co_window_paths_b,
          co_window_of_opportunity_a, co_window_paths_a, co_window_paths_a,
          co_window_of_opportunity_a, co_window_paths_a, co_window_paths_b,
          co_window_paths_b, co_window_paths_c, co_window_unsneaky_path_a,
          glass_columns_c, glass_columns_c, grunt_ministairs_12
Tomb:1
Tomb:2
Tomb:3
Depths:1: layout_basic, nicolae_gozag_seed_capital, grunt_metal_band,
          serial_shops, shop, grunt_ministairs_10, grunt_dithmenos_smoke,
          nicolae_triple_integral
Depths:2: minmay_connected_triangles_in_corner, layout_honeycomb,
          rand_demon_pan_entry_9, hell_entry,
          amcnicky_mini_rare_corridor_liquid, infiniplex_staircase_split_hallway
Depths:3: minmay_octagon_keep, layout_gridlike, enter_ziggurat_c,
          pf_vacation_house_of_asmodeus, abyss_entry_flame_altar,
          grunt_decor_fettered, ploomutoo_gammafunk_ghost_potion_laboratory,
          zin_scriptorium, infiniplex_staircase_spiral, uniq_norris
Depths:4: regret_index_infernal_bastille, layout_twisted_cross,
          elyvilon_altar_5, pan_entry, grunt_hell_entry_dis_old,
          minmay_shop_grove, uniq_josephina
Hell
Dis:1:    layout_gridville
Dis:2:    layout_subdivisions, nicolae_dis_liches_on_tour
Dis:3:    layout_regular_city, nicolae_dis_scattering
Dis:4:    layout_jigsaw
Dis:5:    layout_subdivisions, evilmike_ambush [evilmike_ambush_outer_pillars,
          evilmike_ambush_inner_basic]
Dis:6:    layout_regular_city
Dis:7:    dis_st
Geh:1:    nicolae_geh_tyrants_menagerie, layout_gehenna_pools_box
Geh:2:    nicolae_geh_lava_swirls, layout_gehenna_pools_box
Geh:3:    layout_gehenna_lava_caves
Geh:4:    layout_gehenna_pools_box
Geh:5:    layout_gehenna_pools_triple, hangedman_elemental_grid_stream
Geh:6:    layout_gehenna_pools_triple, nicolae_geh_lava_lounge
Geh:7:    evilmike_geh
Coc:1:    layout_cocytus_water_paths
Coc:2:    nicolae_coc_on_the_berg
Coc:3:    layout_cocytus_water_paths
Coc:4:    layout_cocytus_water_paths
Coc:5:    layout_cocytus_water_paths
Coc:6:    nicolae_hells_titanomachy
Coc:7:    coc_old
Tar:1:    layout_cathedral_of_symmetry
Tar:2:    layout_catacombs
Tar:3:    layout_cathedral_of_symmetry
Tar:4:    layout_catacombs
Tar:5:    layout_catacombs
Tar:6:    layout_honeycomb, nicolae_tar_cuneiform_water
Tar:7:    tar_minmay_river
Zot:1:    layout_onion_interference
Zot:2:    layout_twisted_circle
Zot:3:    layout_gridlike, amethyst_zot_foddershock
Zot:4:    layout_cellular_growth
Zot:5:    layout_gridlike

Skill      XL: |  1  2  3  4  5  6  7  8  9 10 11 12 13 14 15 16 17 18 19 20 21 22 23 24 25 26 27 |
---------------+----------------------------------------------------------------------------------+-----
Conjurations   | 1 2 3 4 5 6 10 11 12 13 14 15 16 17 18 24 | 24.0
Spellcasting   | 2 3 4 5 6 7 8 9 10 11 12 13 14 15 16 17 18 22 | 22.0
Alchemy        | 5 6 7 8 9 10 11 | 11.0
Evocations     | 2 3 4 5 6 8 9 10 11 12 13 16 | 16.0
Dodging        | 1 2 3 4 5 6 7 8 9 10 19 | 19.9
Fire Magic     | 1 2 4 5 6 7 9 10 11 12 14 17 18 19 20 21 22 23 | 23.0
Fighting       | 3 5 6 7 9 10 11 12 13 14 15 16 25 | 25.3
Armour         | 3 4 5 6 8 |  8.0
Staves         | 2 4 5 6 8 9 11 12 | 12.0
Hexes          | 3 5 |  5.0
Shields        | 4 7 10 11 12 14 15 18 | 18.5
Shapeshifting  | 3 5 7 8 10 23 | 23.0
Earth Magic    | 2 5 7 10 23 | 23.0
Translocations | 1 3 5 |  5.0
Air Magic      | 4 |  4.0
Stealth        | 4 |  4.0
Throwing       | |  1.0

Action                     |  1- 3 |  4- 6 |  7- 9 | 10-12 | 13-15 | 16-18 | 19-21 | 22-24 | 25-27 || total
---------------------------+-------+-------+-------+-------+-------+-------+-------+-------+-------++-------
  Melee: Short sword       |    15 |     2 |       |       |       |       |       |       |       ||    17
         Headbutt          |     1 |     4 |    15 |    10 |    21 |    38 |    18 |    26 |    80 ||   213
         Flail             |       |    20 |    98 |    26 |       |       |       |       |       ||   144
         Staff             |       |       |       |    11 |    82 |   134 |    52 |    92 |   200 ||   571
  Throw: Javelin           |    13 |     2 |     8 |     3 |       |       |       |       |       ||    26
         Dart              |       |       |     1 |       |     1 |     2 |       |       |       ||     4
         Throwing net      |       |       |       |       |       |     1 |       |       |       ||     1
   Cast: Sting             |    71 |    97 |   119 |     3 |       |       |       |       |       ||   290
         Olgreb's Toxic Ra |       |       |    58 |   105 |   186 |    72 |       |       |       ||   421
         Ignite Poison     |       |       |     8 |    31 |    41 |    12 |       |       |       ||    92
         Scorch            |       |       |       |    89 |    44 |       |       |       |       ||   133
         Fulminant Prism   |       |       |       |    22 |    28 |     6 |       |       |       ||    56
         Fireball          |       |       |       |       |   334 |   584 |   561 |   468 |   515 ||  2462
         Irradiate         |       |       |       |       |     7 |    41 |    16 |    25 |     6 ||    95
         Orb of Destructio |       |       |       |       |       |    17 |    23 |    45 |    29 ||   114
         Starburst         |       |       |       |       |       |    71 |    89 |    26 |    53 ||   239
         Ignition          |       |       |       |       |       |       |    18 |    74 |   196 ||   288
         Yara's Violent Un |       |       |       |       |       |       |     1 |       |     2 ||     3
         Bombard           |       |       |       |       |       |       |       |    79 |    44 ||   123
         Fire Storm        |       |       |       |       |       |       |       |    16 |   755 ||   771
         Apportation       |       |       |       |       |       |       |       |     1 |    29 ||    30
         Shatter           |       |       |       |       |       |       |       |       |   662 ||   662
         Lehudib's Crystal |       |       |       |       |       |       |       |       |   405 ||   405
         Blink             |       |       |       |       |       |       |       |       |     5 ||     5
         Vhi's Electric Ch |       |       |       |       |       |       |       |       |     1 ||     1
Ability: Begin Untransform |       |       |       |       |       |       |       |       |     2 ||     2
  Evoke: Wand              |       |     2 |     3 |     8 |     3 |     5 |       |     2 |    20 ||    43
         Box of beasts     |       |       |       |       |       |       |       |       |     1 ||     1
    Use: Scroll            |     3 |     1 |     7 |     4 |    11 |     8 |     4 |     4 |    27 ||    69
         Potion            |       |     1 |     1 |     5 |     2 |     9 |       |    12 |    43 ||    73
   Stab: Sleeping          |       |       |     1 |       |       |       |       |     1 |     1 ||     3
 Armour: Robe              |    22 |       |       |       |       |       |       |    49 |   483 ||   554
         Leather armour    |       |    25 |    79 |       |       |       |       |       |       ||   104
         Ring mail         |       |       |    78 |     2 |       |       |       |       |       ||    80
         Acid dragon scale |       |       |       |   106 |    93 |       |   116 |    83 |       ||   398
         Swamp dragon scal |       |       |       |       |    79 |   228 |       |       |       ||   307
         Skin              |       |       |       |       |       |       |       |       |     3 ||     3
  Dodge: Dodged            |    20 |    25 |    69 |    66 |   131 |   101 |    74 |    95 |   380 ||   961
  Block: Other             |     7 |     8 |    36 |    23 |    28 |       |       |       |       ||   102
         Kite shield       |       |       |       |       |    12 |   313 |   175 |   155 |   779 ||  1434
   Form: Death             |       |       |       |       |       |       |       |       |     3 ||     3

Table legend: (Time is in decaauts)
 A = Elapsed time spent in this place.
 B = Non-inter-level travel time spent in this place.
 C = Inter-level travel time spent in this place.
 D = Time resting spent in this place.
 E = Time spent auto-exploring this place.
 F = Levels seen in this place.
 G = Mean time per level.
                   A        B        C        D        E       F      G
               +--------+--------+--------+--------+--------+-----+--------+
         Total |  85582 |  75841 |   9741 |   2712 |  48547 | 131 |  653.3 |
       Dungeon |  19437 |  16897 |   2540 |    975 |  10875 |  15 | 1295.8 |
        Temple |      8 |      8 |      0 |      0 |      0 |   1 |    8.0 |
          Lair |   8640 |   7499 |   1141 |    568 |   4890 |   5 | 1728.0 |
        Shoals |   3947 |   3532 |    415 |    134 |   2360 |   4 |  986.8 |
   Spider Nest |   4181 |   3944 |    237 |     20 |   2664 |   4 | 1045.2 |
    Slime Pits |   1094 |    943 |    151 |     43 |    511 |   5 |  218.8 |
  Orcish Mines |   1568 |   1346 |    222 |      9 |    966 |   2 |  784.0 |
   Elven Halls |   3043 |   2619 |    424 |      0 |   2102 |   3 | 1014.3 |
        Vaults |   6997 |   6132 |    865 |     30 |   4815 |   5 | 1399.4 |
         Crypt |   4011 |   3671 |    340 |    181 |   2510 |   3 | 1337.0 |
          Tomb |   1969 |   1758 |    211 |      8 |   1197 |   3 |  656.3 |
        Depths |   6746 |   5184 |   1562 |     27 |   4109 |   4 | 1686.5 |
          Hell |   1160 |   1045 |    115 |     34 |    350 |   1 | 1160.0 |
           Dis |   2291 |   2121 |    170 |    251 |    781 |   7 |  327.3 |
       Gehenna |   3113 |   2942 |    171 |    166 |   1508 |   7 |  444.7 |
       Cocytus |   2424 |   2157 |    267 |     17 |   1615 |   7 |  346.3 |
      Tartarus |   2419 |   2098 |    321 |     28 |   1558 |   7 |  345.6 |
           Zot |   4479 |   3896 |    583 |     84 |   3117 |   5 |  895.8 |
         Abyss |    700 |    700 |      0 |      0 |      0 |   5 |  140.0 |
   Pandemonium |   4413 |   4413 |      0 |     36 |   1095 |  18 |  245.2 |
      Ziggurat |   1665 |   1665 |      0 |     30 |    959 |  17 |   97.9 |
         Sewer |    504 |    504 |      0 |     58 |    202 |   1 |  504.0 |
      Ice Cave |    504 |    504 |      0 |      0 |    234 |   1 |  504.0 |
        Wizlab |    260 |    260 |      0 |     12 |    128 |   1 |  260.0 |
               +--------+--------+--------+--------+--------+-----+--------+

Top non-repeatable levels by time:
  Lair:5: 2198 daAuts
  Lair:3: 2168 daAuts
 Crypt:3: 2038 daAuts
Depths:3: 2012 daAuts
  Lair:2: 1868 daAuts
    D:15: 1852 daAuts
Spider:2: 1754 daAuts
Depths:4: 1694 daAuts
Vaults:3: 1649 daAuts
    D:14: 1626 daAuts
Depths:2: 1588 daAuts
     D:4: 1532 daAuts
Vaults:5: 1517 daAuts
Vaults:2: 1475 daAuts
  Lair:1: 1471 daAuts
